 Dungeon Crawl Stone Soup version 0.30.0-21-gd299b56b3f (webtiles) character file.

Game seed: 17938141715127947565

631548 qw the Slayer (level 27, 0/196 HPs)
             Began as a Gargoyle Fighter on June 2, 2023.
             Was the Champion of the Shining One.
             Killed by divine providence
             ... invoked by a mummy priest
              (12 damage)
             ... on level 3 of the Tomb of the Ancients.
             The game lasted 00:45:08 (71126 turns).

qw the Slayer (Gargoyle Fighter)                   Turns: 71126, Time: 00:45:09

Health: 0/196      AC: 67    Str: 27 (28) XL:     27
Magic:  24/36      EV: 14    Int: 19 (21) God:    the Shining One [******]
Gold:   2419       SH: 23    Dex: 16      Spells: 26/26 levels left

rFire   + + .        x - +9 broad axe (holy)
rCold   + + +        m - +0 tower shield
rNeg    + + +        r - +10 plate armour {rF+}
rPois   inf          k - +2 helmet
rElec   +            C - scarf "Pupreok" {rC+ rF+, rN+ Will+ Int+5}
rCorr   +            o - +2 pair of gloves
SInv    .            H - +2 pair of boots
Will    ++++.        L - amulet of faith Stlth
                     c - ring of Creativity {rC+ Will+ AC+4 Dex+2}
HPRegen 0.52/turn    F - ring of Spite {rCorr Dex+6 Slay+3 Stlth+}
MPRegen 0.25/turn

%: faith
@: about to teleport, marked, flying, slowed, glowing, very slow
A: sickness immunity, AC +20, big wings, negative energy resistance 1,
electricity resistance, torment resistance 1, petrification resistance, clever
1, cold resistance 1, weak 1, wild magic 1, MP-powered wands
}: 4/15 runes: barnacled, slimy, silver, gossamer
a: Renounce Religion, Divine Shield, Cleansing Flame, Summon Divine Warrior


You were on level 3 of the Tomb of the Ancients.
You worshipped the Shining One.
The Shining One was exalted by your worship.
You visited 12 branches of the dungeon, and saw 55 of its levels.

You collected 8994 gold pieces.
You spent 6575 gold pieces at shops.


Innate Abilities, Weirdness & Mutations

You are immune to sickness and miasma.
Your stone body is resilient. (AC +20)
You are immune to poison.
Your large and strong wings let you fly.
You resist negative energy. (rN+)
You are resistant to electric shocks. (rElec)
You are resistant to unholy torment.
You are immune to petrification.
Your mind is acute. (Int +4, Str/Dex -1)
Your flesh is cold resistant. (rC+)
You are weak. (Str -2)
Your spells are a little harder to cast, but a little more powerful.
You expend magic power (3 MP) to strengthen your wands.


   Skills:
 - Level 26.0 Fighting
 - Level 18.0 Axes
 - Level 14.2 Throwing
 - Level 24.0 Armour
 - Level 12.1 Dodging
 - Level 22.7 Shields
 + Level 19.2 Invocations


You had 26 spell levels left.
You didn't know any spells.
Your spell library was empty.

Inventory:

Hand Weapons
 x - a +9 broad axe of holy wrath (weapon)
Missiles
 E - 9 javelins (quivered)
Armour
 f - the +12 plate armour of Dishonesty {Harm rElec}
   (You found it on level 5 of the Pits of Slime)

   rElec:     It insulates you from electricity.
   Harm:      It increases damage dealt and taken.
 k - a +2 helmet (worn)
 m - a +0 tower shield (worn)
 o - a +2 pair of gloves (worn)
 r - a +10 plate armour of fire resistance (worn)
 y - a +2 cloak
 C - the scarf "Pupreok" (worn) {rC+ rF+, rN+ Will+ Int+5}
   (You acquired it on level 3 of the Lair of Beasts)

   Int:       It affects your intelligence (+5).
   rN:        It protects you from negative energy.
   Will:      It increases your willpower.
 G - the +3 hat of Pondering {ponderous, Will+ MP+10 Int+5}
   (You found it on level 5 of the Vaults)

   Int:       It affects your intelligence (+5).
   MP:        It affects your magic capacity (+10).
   Will:      It increases your willpower.
 H - a +2 pair of boots (worn)
Jewellery
 c - the ring of Creativity (left hand) {rC+ Will+ AC+4 Dex+2}
   (You found it on level 5 of the Pits of Slime)

   [ring of protection]

   AC:        It affects your AC (+4).
   Dex:       It affects your dexterity (+2).
   rC:        It protects you from cold.
   Will:      It increases your willpower.
 e - the amulet of Free Expression {Acrobat Fly rPois rF+++ Str-2}
   (You bought it in a shop on level 2 of the Shoals)

   [amulet of the acrobat]

   It increases your evasion while moving and waiting.
   Str:       It affects your strength (-2).
   rF:        It renders you almost immune to fire.
   rPois:     It protects you from poison.
   Fly:       It grants you flight.
 p - the ring "Niriustia" {Fire rN+ Str+3}
   (You found it on level 3 of the Vaults)

   [ring of fire]

   It enhances your fire magic.
   Str:       It affects your strength (+3).
   rF:        It protects you from fire.
   rC:        It makes you vulnerable to cold.
   rN:        It protects you from negative energy.
 A - the ring "Juguom" {rC+ Will++ Int+3}
   (You took it off an ogre mage on level 5 of the Vaults)

   [ring of protection from cold]

   Int:       It affects your intelligence (+3).
   rC:        It protects you from cold.
   Will:      It greatly increases your willpower.
 B - a ring of protection from fire
 F - the ring of Spite (right hand) {rCorr Dex+6 Slay+3 Stlth+}
   (You found it on level 3 of the Depths)

   [ring of dexterity]

   Dex:       It affects your dexterity (+6).
   Slay:      It affects your accuracy & damage with ranged weapons and melee
   (+3).
   rCorr:     It protects you from acid and corrosion.
   Stlth:     It makes you more stealthy.
 K - a ring of protection from fire
 L - an amulet of faith (around neck)
 M - the brooch of Shielding {Spirit SH+8}
   (You bought it in a shop on level 2 of the Orcish Mines)

   [amulet of guardian spirit]

   It causes incoming damage to be divided between your reserves of health and
   magic.
   SH:        It affects your SH (+8).
 Y - the ring of Light {rN+++ EV+5}
   (You bought it in a shop on level 2 of the Shoals)

   [ring of evasion]

   EV:        It affects your evasion (+5).
   rN:        It renders you almost immune to negative energy.
Wands
 z - a wand of digging (28)
Scrolls
 a - 3 scrolls of brand weapon
 g - 10 scrolls of identify
 t - a scroll of teleportation
Potions
 b - 7 potions of cancellation
 d - 14 potions of might
 h - 9 potions of lignification
 i - 2 potions of magic
 l - 5 potions of attraction
 q - 8 potions of haste
 s - 17 potions of curing
 u - 2 potions of mutation
 w - 11 potions of resistance

Dungeon Overview and Level Annotations

Branches:
Dungeon (15/15)            Temple (1/1) D:4            Lair (5/5) D:11
 Shoals (4/4) Lair:3       Spider (4/4) Lair:3        Slime (5/5) Lair:4
    Orc (2/2) D:12            Elf (0/3) Orc:2        Vaults (5/5) D:13
  Crypt (3/3) Vaults:3       Tomb (3/3) Crypt:3      Depths (4/4) D:15
    Zot (4/5) Depths:4

Altars:
Ashenzari
Cheibriados
Dithmenos
Elyvilon
Fedhas
Gozag
Hepliaklqana
Kikubaaqudgha
Makhleb
Nemelex Xobeh
Okawaru
Qazlal
Ru
Sif Muna
Trog
Uskayaw
Vehumet
Wu Jian
Xom
Yredelemnul
Zin
The Shining One
Jiyva

Shops:
D:1 !   D:5 *=(**   D:6 (   D:8 *   Orc:2 ===   Shoals:2 =   Vaults:3 [
Vaults:5 [

Portals:
Hell: Depths:1 Depths:2 Depths:3 Depths:4
Abyss: Depths:2 Depths:3
Pandemonium: Depths:2 Depths:4
Ziggurat: Depths:3
Trove: Vaults:4 (give 7 scrolls of fog)

Annotations:
D:5 2 runed translucent doors, qw's ghost, novice GrFi
D:6 1 runed translucent door, Crazy Yiuf
D:10 2 runed translucent doors
D:11 1 runed translucent door, qw's ghost, journeyman GrFi
Spider:3 1 runed translucent door, qw's ghost, adept GrFi
Vaults:2 2 transporters, qw's ghost, adept GrFi
Vaults:3 3 runed translucent doors, HilariousDeathArtist's ghost, adept CeWn; corvin's ghost, veteran TrBe
Depths:2 2 transporters


Message History

The spectral nagaraja is heavily damaged.
The golden flame engulfs the mummy priest!!!
The mummy priest writhes in agony!
You destroy the mummy priest!
The Shining One accepts your kill.
The freezing wraith disappears in a puff of smoke!
The spectral nagaraja disappears in a puff of smoke!
The vampire disappears in a puff of smoke!
The golden flame engulfs the emperor scorpion!
The emperor scorpion is lightly wounded.
You feel extremely nervous for a moment...
Your body is wracked with pain!
You feel extremely nervous for a moment...
Your skin prickles.
You feel extremely nervous for a moment...
Your body is wracked with pain!
You feel extremely nervous for a moment...
You are engulfed in negative energy!
You resist.
You feel extremely nervous for a moment...
Your skin prickles.
You feel extremely nervous for a moment...
Pain shoots through your body!
Your surroundings suddenly seem different.
Found nineteen items.
Found a one-way staircase leading up.
The royal mummy gestures wildly while chanting.
71125 ||| READING 2 scrolls of teleportation.
As you read the scroll of teleportation, it crumbles to dust.
You feel strangely unstable.
The royal mummy calls on the powers of darkness!
Your body is wracked with pain!
The emperor scorpion convulses!
The mummy priest prays to its god.
You block the death scarab's attack.
You hit the royal mummy.
The royal mummy convulses.
The royal mummy is moderately damaged.
You slice the death scarab!!
The death scarab convulses!!
You destroy the death scarab!
The death scarab's corpse disappears in a puff of smoke!
The mummy priest calls down the wrath of its god upon you.
Something smites you!
You die...

#........z¤.
###.Z.....##.........¤
#..^..M....##MM......¤
##$^........<##......MM
#$$$......M...##^......
#)$$...........##......
#|$}$$!.....M..##......
#"$$$$¤M........#......
#|)/)"@$..s.....#.((...
##)):)!$$.......'MWW.W.
##=)=)$$......M#.V..¤M
##"|[=$.....¤.#MMWM¤W
##/))$$$....##ZWM.M.
##|::$.....##.zWWV.
##))$?...###MMV4..
##)??..## #s.¤¤..
###### #######


You could see a royal mummy, an emperor scorpion (summoned), a mummy priest, 2
guardian mummies and a naga warrior zombie (summoned).

Vanquished Creatures
  the Royal Jelly (Slime:5)
  3 dread liches (Vaults:5)
  An orb of fire (Zot:3)
  A juggernaut (Depths:3)
  19 royal mummies
  A curse toe (Zot:2)
  Nikola (Shoals:1)
  7 caustic shrikes
  11 golden dragons
  Jorgrun (Spider:3)
  22 tentacled monstrosities
  Asterion (Vaults:1)
  A walking earthen tome (Depths:2)
  7 liches
  A walking crystal tome (Depths:3)
  16 titans
  3 deep elf master archers
  13 acid blobs
  3 quicksilver dragons
  4 deep elf blademasters
  Polyphemus (Shoals:2)
  15 sphinxes
  8 ancient champions
  8 death cobs
  7 tengu reavers
  Roxanne (D:15)
  Ilsuiw (Shoals:2)
  3 azure jellies (Slime:5)
  7 shadow dragons
  13 storm dragons
  6 draconian monks
  5 revenants
  20 fire giants
  A rockslime (shapeshifter) (D:15)
  3 rockslimes
  7 draconian knights
  20 vault wardens
  3 iron dragons
  19 frost giants
  3 draconian scorchers
  3 emperor scorpions
  4 curse skulls
  2 draconian shifters
  20 ironbound preservers
  A ghoul (Crypt:1)
  A reaper (Crypt:3)
  4 spectral caustic shrikes (Depths:3)
  A broodmother (Spider:3)
  Aizul (Shoals:1)
  5 ghost moths
  2 spriggan defenders (Depths:3)
  5 quicksilver oozes
  36 very ugly things
  A caustic shrike skeleton (Tomb:2)
  3 draconian stormcallers
  6 draconian annihilators
  26 stone giants
  14 vampire knights
  Nessos (Orc:2)
  13 black draconians
  17 green draconians
  An eleionoma (shapeshifter) (D:15)
  9 ironbound thunderhulks
  3 dire elephants (Vaults:1)
  16 red draconians
  15 bennus
  13 purple draconians
  23 white draconians
  10 eidola
  14 yellow draconians
  A crystal guardian (Vaults:4)
  25 mummy priests
  8 spark wasps
  13 ettins
  8 deep elf death magi
  A quicksilver dragon zombie (Tomb:2)
  Snorg (Lair:5)
  12 yaktaur captains
  3 merfolk javelineers
  9 fire dragons
  5 merfolk impalers
  An entropy weaver (shapeshifter) (Vaults:5)
  2 jiangshi (Crypt:2)
  10 great orbs of eyes
  2 deep elf high priests (Vaults:5)
  12 entropy weavers
  36 vault guards
  Josephine (D:11)
  7 ice dragons
  2 peacekeepers
  A hydra (shapeshifter) (Vaults:5)
  8 ogre magi
  A catoblepas (Shoals:2)
  8 spriggan air magi
  17 two-headed ogres
  9 hydras
  A jorogumo (Spider:3)
  4 radroaches
  3 merfolk avatars
  4 rakshasas
  A hell beast (Tomb:1)
  2 fenstrider witch skeletons (Tomb:1)
  A servant of whispers (Vaults:1)
  19 boulder beetles
  15 centaur warriors
  6 ironbound frosthearts
  A death knight (Crypt:2)
  2 death yaks (Shoals:2)
  8 merfolk aquamancers (Shoals:4)
  49 death scarabs
  9 deep troll shamans
  2 deep troll earth magi (Depths:2)
  2 alligator snapping turtles
  3 tengu warriors (Depths:1)
  A satyr (Shoals:3)
  8 vampire magi
  An orc high priest (Orc:2)
  6 deep elf knights
  A spriggan berserker (Depths:2)
  A titan zombie (Crypt:1)
  A soul eater (Crypt:3)
  14 hell knights
  2 sun demons
  Nergalle (D:11)
  18 skeletal warriors
  3 shadow wraiths (Crypt:2)
  11 iron trolls
  6 pharaoh ants
  5 skysharks
  7 flayed ghosts
  7 glowing orange brains
  4 death drakes (Depths:4)
  8 sea snakes
  A shadow demon (Depths:4)
  40 deep trolls
  7 deep elf archers
  3 sun moths (Spider:4)
  5 orb spiders
  A tengu zombie (Tomb:1)
  2 bog bodies (Crypt:1)
  7 steelbarb worms
  8 wizards
  A swamp dragon (shapeshifter) (Depths:1)
  15 phantasmal warriors
  14 ironbound convokers
  13 lindwurms
  5 orc knights
  11 deep elf pyromancers
  A sphinx zombie (Vaults:3)
  6 necromancers
  7 deep elf zephyrmancers (Tomb:1)
  6 harpies
  A glowing shapeshifter (Vaults:5)
  A fire giant zombie (Depths:1)
  An iron dragon zombie (Tomb:3)
  52 ugly things
  A broodmother zombie (Crypt:1)
  An orc sorcerer (Orc:2)
  10 cyclopes
  15 moths of wrath
  4 oklob plants
  A sphinx skeleton (Depths:1)
  5 shining eyes
  15 wolf spiders
  8 fauns
  6 merfolk sirens
  7 elephants
  Maurice (Orc:1)
  15 manticores
  A centaur zombie (Tomb:1)
  5 eyes of devastation (Slime:5)
  A frost giant skeleton (Depths:1)
  A black mamba (shapeshifter) (Depths:3)
  26 vault sentinels
  An elephant (shapeshifter) (Vaults:3)
  10 water nymphs
  13 cane toads
  12 demonic crawlers
  7 black mambas
  A fire giant skeleton (Depths:1)
  3 unseen horrors (D:12)
  6 torpor snails
  A red draconian zombie (Crypt:3)
  A centaur skeleton (Tomb:3)
  6 komodo dragons
  2 efreet
  16 yaktaurs
  A kobold demonologist (D:12)
  A rime drake (Lair:2)
  A komodo dragon (shapeshifter) (Depths:3)
  A red draconian skeleton (Crypt:2)
  2 tengu conjurers
  8 freezing wraiths
  A swamp worm zombie (Crypt:3)
  32 guardian mummies
  A red devil (Depths:4)
  A purple draconian skeleton (Crypt:1)
  A white draconian skeleton (Crypt:1)
  18 merfolk
  A minotaur skeleton (Crypt:3)
  19 meliai
  3 human skeletons
  A queen bee (shapeshifter) (Depths:3)
  8 hornets
  An ice devil (D:15)
  4 polar bears (Lair:5)
  A troll (shapeshifter) (Vaults:5)
  15 wind drakes
  A hellwing (Depths:4)
  21 tarantellas
  A harpy skeleton (Crypt:2)
  17 trolls
  20 blink frogs
  A hydra skeleton (Crypt:1)
  2 saltlings (Vaults:1)
  A dream sheep (shapeshifter) (Vaults:5)
  8 snapping turtles
  2 spriggan zombies
  A jumping spider zombie (Crypt:2)
  A tarantella zombie (Crypt:2)
  A fire dragon zombie (Tomb:1)
  6 dream sheep
  76 slime creatures
  An ettin skeleton (Tomb:1)
  29 jumping spiders
  A spriggan skeleton (Depths:1)
  46 flying skulls
  4 vampires (D:12)
  17 culicivoras
  2 shadows
  5 ushabtiu
  16 spriggans
  3 air elementals (Shoals:4)
  19 water elementals
  14 wraiths
  6 wyverns
  3 fire bats (Depths:2)
  62 yaks
  A steam dragon (D:7)
  Grum (D:11)
  9 basilisks
  2 black mamba skeletons
  A wind drake skeleton (Crypt:3)
  42 redbacks
  3 golden eyes
  A chaos spawn (Depths:4)
  Menkaure (D:5)
  3 vampire mosquitoes (D:12)
  5 wargs
  A harpy simulacrum (Tomb:1)
  A glowing shapeshifter zombie (Crypt:1)
  A merfolk zombie (Crypt:1)
  A human zombie (Depths:1)
  A fire bat zombie (Crypt:2)
  2 acid dragons
  A faun skeleton (Crypt:1)
  10 water moccasins
  A glowing shapeshifter skeleton (Crypt:2)
  2 ice beasts
  A lindwurm zombie (Crypt:2)
  31 orc warriors
  6 black bears (Lair:5)
  A sky beast (D:7)
  28 ogres
  5 boggarts
  12 centaurs
  31 wolves
  A hog zombie (Crypt:1)
  A kobold brigand (D:11)
  A draconian zombie (Crypt:2)
  A phantom (D:5)
  12 bullfrogs
  A gnoll sergeant (D:9)
  An entropy weaver simulacrum (Vaults:3)
  A scorpion (shapeshifter) (Vaults:5)
  A scorpion (D:6)
  5 wights (D:9)
  6 killer bees (D:10)
  A human simulacrum (Vaults:3)
  5 howler monkeys
  4 crimson imps (D:15)
  3 jellies
  2 hounds (D:4)
  19 orc priests
  A sleepcap (D:6)
  4 iguanas
  17 orc wizards
  6 hell rats (Lair:2)
  A tengu skeleton (Crypt:3)
  34 mummies
  17 adders
  3 gnolls (D:9)
  2 shadow imps
  11 white imps
  5 ufetubi
  3 worms
  94 orcs
  8 ball pythons
  10 endoplasms
  3 giant cockroaches
  5 goblins
  3 hobgoblins
  8 kobolds
  4 quokkas
  6 bats
  2 frilled lizards
  3 rats
  A rat zombie (Crypt:3)
  A spectral weapon (Vaults:1)
2418 creatures vanquished.

Vanquished Creatures (collateral kills)
  7 royal mummies
  A lich (Crypt:2)
  3 ancient champions
  2 revenants
  A fire giant (Tomb:1)
  A stone giant (Tomb:2)
  A green draconian (Tomb:1)
  A lorocyproca (Tomb:1)
  3 bennus
  2 black draconians
  A red draconian (Tomb:1)
  2 eidola
  2 deep elf death magi (Crypt:2)
  4 mummy priests
  6 death scarabs
  3 vampire magi
  A deep elf knight (Tomb:2)
  5 skeletal warriors
  An orange crystal statue (Tomb:1)
  2 flayed ghosts
  A golden dragon skeleton (Crypt:3)
  An eleionoma zombie (Crypt:2)
  8 guardian mummies
  A harpy skeleton (Crypt:3)
  A fire dragon zombie (Tomb:2)
  An alligator zombie (Crypt:2)
  3 flying skulls (Tomb:1)
  An ushabti (Tomb:1)
  A manticore zombie (Crypt:3)
  A naga skeleton (Crypt:3)
  6 mummies
74 creatures vanquished.

Vanquished Creatures (others)
  A dread lich (Vaults:5)
  A titan (Vaults:5)
  A deep elf blademaster (Tomb:2)
  A red draconian (Zot:1)
  A white draconian (Zot:1)
  A bog body (Crypt:1)
  A deep elf archer (Tomb:1)
  2 ugly things (D:14)
  A bullfrog (shapeshifter) (Vaults:5)
  101 spectral weapons
111 creatures vanquished.

Grand Total: 2603 creatures vanquished

Notes
Turn   | Place    | Note
-------+----------+-------------------------------------------
     0 | D:1      | qw the Gargoyle Fighter began the quest for the Orb.
     0 | D:1      | Reached XP level 1. HP: 14/14 MP: 1/1
     0 | D:1      | 0 ||| qw: Version: 0.2-a-102-gdf20003
     0 | D:1      | 0 ||| qw: Game counter: 793
     0 | D:1      | 0 ||| qw: Always use a shield: true
     0 | D:1      | 0 ||| qw: God list: Okawaru
     0 | D:1      | 0 ||| qw: Allow faded altars: false
     0 | D:1      | 0 ||| qw: Do Orc after D:15 true
     0 | D:1      | 0 ||| qw: Do second Lair branch before Depths: true
     0 | D:1      | 0 ||| qw: Lair rune preference: random
     0 | D:1      | 0 ||| qw: Plans: Normal, Zot:1-4, Slime:5, God:TSO, Crypt,
                  | Tomb, Pan, Hells, Abyss, Win
     0 | D:1      | 0 ||| PLANNING D:1-11
   142 | D:1      | Found Fudedder's Distillery.
   145 | D:1      | 145 ||| SHOPLISTING 2 potions of heal wounds (100 gold,
                  | have 13).
   145 | D:1      | 145 ||| SHOPLISTING 2 potions of resistance (200 gold, have
                  | 13).
   145 | D:1      | 145 ||| SHOPLISTING potion of resistance (100 gold, have
                  | 13).
   362 | D:1      | Reached XP level 2. HP: 19/19 MP: 2/2
   925 | D:1      | 925 ||| UPGRADING to +2 buckler.
   935 | D:1      | 935 ||| DROPPING +0 buckler.
   936 | D:1      | 936 ||| UPGRADING to +0 helmet.
   941 | D:1      | 941 ||| UPGRADING to +0 pair of boots.
   946 | D:1      | 946 ||| UPGRADING to +2 pair of gloves.
   951 | D:1      | 951 ||| READING scroll labelled TARPHO QENWA.
   952 | D:1      | 952 ||| READING 2 scrolls labelled WIP HUAW PIA.
   953 | D:1      | 953 ||| READING scroll labelled JARIH PILE.
   954 | D:1      | 954 ||| READING scroll labelled JYGINITYWY.
  1016 | D:2      | Reached skill level 3 in Axes
  1030 | D:2      | 1030 ||| DROPPING +1 hand axe of freezing.
  1089 | D:2      | Reached XP level 3. HP: 23/23 MP: 3/3
  1171 | D:2      | 1171 ||| Stepping ~*~*~tactically~*~*~ (hiding).
  1301 | D:2      | Found a radiant altar of Vehumet.
  1457 | D:2      | Reached XP level 4. HP: 26/28 MP: 4/4
  1574 | D:2      | 1574 ||| DROPPING +0 whip.
  1951 | D:2      | Reached XP level 5. HP: 32/32 MP: 5/5
  2033 | D:2      | 2033 ||| UPGRADING to ring of see invisible.
  2034 | D:2      | 2034 ||| READING scroll labelled MENAUPH VAELAI.
  2038 | D:2      | 2038 ||| READING 2 scrolls labelled ZEXTOA NAPUE.
  2039 | D:2      | 2039 ||| READING scroll of enchant armour.
  2039 | D:2      | 2039 ||| ENCHANTING +0 helmet.
  2100 | D:3      | Identified the +1 buckler of the Crypt {rC+ rN+ SInv}
  2135 | D:3      | Found a glowing golden altar of the Shining One.
  2216 | D:3      | Reached skill level 1 in Throwing
  2450 | D:3      | 2450 ||| Stepping ~*~*~tactically~*~*~ (stealth).
  2451 | D:3      | 2451 ||| Stepping ~*~*~tactically~*~*~ (stealth).
  2645 | D:3      | Reached XP level 6. HP: 37/37 MP: 6/6
  2696 | D:3      | 2696 ||| Stepping ~*~*~tactically~*~*~ (stealth).
  2713 | D:3      | Reached skill level 4 in Fighting
  3049 | D:3      | 3049 ||| UPGRADING to +1 buckler of the Crypt {rC+ rN+
                  | SInv}.
  3059 | D:3      | 3059 ||| REMOVING ring of see invisible.
  3060 | D:3      | 3060 ||| UPGRADING to +0 chain mail.
  3070 | D:3      | 3070 ||| DROPPING +0 scale mail.
  3071 | D:3      | 3071 ||| UPGRADING to amulet of guardian spirit.
  3076 | D:3      | 3076 ||| DROPPING ring of wizardry.
  3077 | D:3      | 3077 ||| READING scroll labelled TINICHAULU.
  3078 | D:3      | 3078 ||| READING scroll labelled KAEN UNKIKH.
  3079 | D:3      | 3079 ||| DRINKING 2 amethyst potions.
  3080 | D:3      | 3080 ||| DRINKING 2 bubbling black potions.
  3083 | D:3      | 3083 ||| READING 3 scrolls of identify.
  3083 | D:3      | 3083 ||| IDENTIFYING bubbling clear potion
  3084 | D:3      | 3084 ||| READING 2 scrolls of identify.
  3084 | D:3      | 3084 ||| IDENTIFYING smoky inky potion
  3085 | D:3      | 3085 ||| DROPPING potion of flight.
  3086 | D:3      | 3086 ||| DROPPING potion of ambrosia.
  3095 | D:4      | Noticed a water moccasin
  3102 | D:4      | 3102 ||| STAIRDANCE
  3108 | D:3      | Killed a water moccasin
  3127 | D:4      | 3127 ||| STAIRDANCE
  3221 | D:4      | Reached XP level 7. HP: 39/43 MP: 5/7
  3239 | D:4      | Found a staircase to the Ecumenical Temple.
  3240 | D:4      | 3240 ||| PLANNING TEMPLE
  3240 | D:4      | 3240 ||| READING 3 scrolls labelled GUEMNA INLO.
  3241 | D:4      | 3241 ||| DROPPING +2 hand axe of flaming.
  3242 | D:4      | 3242 ||| READING 2 scrolls of brand weapon.
  3242 | D:4      | 3242 ||| BRANDING +1 war axe of flaming.
  3251 | Temple   | Entered the Ecumenical Temple
  3396 | Temple   | 3396 ||| PLANNING OKAWARU WORSHIP
  3517 | Temple   | Became a worshipper of Warmaster Okawaru
  3517 | Temple   | 3517 ||| PLANNING D:1-11
  3518 | Temple   | 3518 ||| REMOVING amulet of guardian spirit.
  3523 | Temple   | 3523 ||| DROPPING amulet of guardian spirit.
  3554 | D:4      | Reached skill level 6 in Axes
  3587 | D:4      | 3587 ||| Stepping ~*~*~tactically~*~*~ (hiding).
  3663 | D:4      | 3663 ||| Stepping ~*~*~tactically~*~*~ (stealth).
  3669 | D:4      | Reached skill level 1 in Dodging
  3670 | D:4      | Noticed a wyvern
  3671 | D:4      | 3671 ||| Stepping ~*~*~tactically~*~*~ (stealth).
  3685 | D:4      | Killed a wyvern
  3695 | D:4      | 3695 ||| Stepping ~*~*~tactically~*~*~ (stealth).
  3696 | D:4      | 3696 ||| Stepping ~*~*~tactically~*~*~ (stealth).
  3703 | D:4      | 3703 ||| Stepping ~*~*~tactically~*~*~ (stealth).
  3915 | D:4      | Found a basalt altar of Yredelemnul.
  3937 | D:4      | 3937 ||| DROPPING +0 whip.
  3994 | D:4      | Found a sparkling altar of Nemelex Xobeh.
  4001 | D:4      | Found a radiant altar of Vehumet.
  4008 | D:4      | Found a sacrificial altar of Ru.
  4194 | D:4      | 4194 ||| DRINKING 2 bubbling blue potions.
  4195 | D:4      | 4195 ||| DROPPING potion of invisibility.
  4248 | D:5      | Entered Level 5 of the Dungeon
  4248 | D:5      | Noticed Menkaure
  4252 | D:5      | Killed Menkaure
  4253 | D:5      | Reached skill level 5 in Fighting
  4253 | D:5      | Reached XP level 8. HP: 47/51 MP: 8/8
  4290 | D:5      | 4290 ||| DRINKING potion of curing.
  4290 | D:5      | 4290 ||| (to cure confusion)
  4292 | D:5      | Reached * piety under Okawaru
  4344 | D:5      | Found a hide-covered altar of Uskayaw.
  4372 | D:5      | Found a runed translucent door.
  4383 | D:5      | Noticed qw's ghost (novice GrFi)
  4391 | D:5      | Found Mukulat's General Store.
  4396 | D:5      | 4396 ||| SHOPLISTING +0 plate armour (322 gold, have 154).
  4396 | D:5      | 4396 ||| BUYING 2 potions of curing (84 gold).
  4396 | D:5      | Bought 2 potions of curing for 84 gold pieces
  4396 | D:5      | 4396 ||| BUYING scroll of teleportation (42 gold).
  4396 | D:5      | Bought a scroll of teleportation for 42 gold pieces
  4411 | D:5      | Found a runed translucent door.
  4502 | D:5      | 4502 ||| Stepping ~*~*~tactically~*~*~ (hiding).
  4513 | D:5      | Reached skill level 1 in Invocations
  4517 | D:5      | Found Voeciaf's Assorted Antiques.
  4525 | D:5      | 4525 ||| SHOPLISTING encrusted fluorescent wand (88 gold,
                  | have 68).
  4525 | D:5      | 4525 ||| BUYING murky black potion (19 gold).
  4525 | D:5      | Bought a murky black potion for 19 gold pieces
  4525 | D:5      | 4525 ||| SHOPLISTING potion of curing (66 gold, have 49).
  4525 | D:5      | 4525 ||| BUYING scroll labelled PUREMOSHUE (22 gold).
  4525 | D:5      | Bought a scroll labelled PUREMOSHUE for 22 gold pieces
  4525 | D:5      | 4525 ||| SHOPLISTING scroll of identify (44 gold, have 27).
  4534 | D:5      | Found Osuutsyt's Jewellery Boutique.
  4535 | D:5      | Found Kyole's Weapon Shop.
  4538 | D:5      | 4538 ||| SHOPLISTING +6 ring of dexterity (396 gold, have
                  | 27).
  4538 | D:5      | 4538 ||| SHOPLISTING ring of protection from cold (275
                  | gold, have 27).
  4538 | D:5      | 4538 ||| SHOPLISTING ring of willpower (275 gold, have 27).
  4539 | D:5      | 4539 ||| READING scroll labelled GOASMINGUU.
  4540 | D:5      | 4540 ||| READING scroll labelled PUREMOSHUE.
  4541 | D:5      | 4541 ||| DRINKING 2 murky black potions.
  4557 | D:5      | 4557 ||| Stepping ~*~*~tactically~*~*~ (hiding).
  4558 | D:5      | 4558 ||| Stepping ~*~*~tactically~*~*~ (stealth).
  4565 | D:5      | 4565 ||| FLEEEEING.
  4566 | D:5      | 4566 ||| FLEEEEING.
  4592 | D:5      | 4592 ||| SHOPLISTING +2 vampiric war axe (292 gold, have
                  | 27).
  4637 | D:5      | Found Ikoapn's Assorted Antiques.
  4645 | D:5      | 4645 ||| SHOPLISTING brass wand (100 gold, have 44).
  4645 | D:5      | 4645 ||| BUYING clear potion (22 gold).
  4645 | D:5      | Bought a clear potion for 22 gold pieces
  4645 | D:5      | 4645 ||| BUYING clear potion (22 gold).
  4645 | D:5      | Bought a clear potion for 22 gold pieces
  4645 | D:5      | 4645 ||| SHOPLISTING potion of heal wounds (125 gold, have
                  | 0).
  4645 | D:5      | 4645 ||| SHOPLISTING scroll of enchant armour (187 gold,
                  | have 0).
  4960 | D:5      | 4960 ||| DRINKING 3 clear potions.
  4961 | D:5      | 4961 ||| DROPPING 2 potions of degeneration.
  5017 | D:6      | Found a shimmering altar of Xom.
  5018 | D:6      | Found Paaset's Weapon Emporium.
  5040 | D:6      | 5040 ||| INVOKING Heroism.
  5167 | D:6      | 5167 ||| Stepping ~*~*~tactically~*~*~ (hiding).
  5168 | D:6      | 5168 ||| Stepping ~*~*~tactically~*~*~ (hiding).
  5176 | D:6      | Reached skill level 3 in Invocations
  5294 | D:6      | 5294 ||| INVOKING Heroism.
  5309 | D:6      | Reached XP level 9. HP: 35/55 MP: 9/11
  5313 | D:6      | 5313 ||| INVOKING Heroism.
  5319 | D:6      | Reached skill level 6 in Fighting
  5441 | D:6      | 5441 ||| DROPPING +0 flail.
  5479 | D:6      | 5479 ||| READING scroll of enchant weapon.
  5479 | D:6      | 5479 ||| ENCHANTING +1 spectral war axe.
  5504 | D:6      | Noticed a troll
  5506 | D:6      | 5506 ||| READING 2 scrolls of identify.
  5506 | D:6      | 5506 ||| IDENTIFYING orange potion
  5527 | D:6      | 5527 ||| INVOKING Heroism.
  5530 | D:6      | Killed a troll
  5601 | D:6      | Found a blossoming altar of Fedhas.
  5665 | D:6      | Reached skill level 9 in Axes
  5801 | D:6      | Identified the +4 dagger "Ohuses" {antimagic, rCorr Dex+5}
  5883 | D:6      | Found a runed translucent door.
  5884 | D:6      | Noticed Crazy Yiuf
  5932 | D:6      | 5932 ||| Stepping ~*~*~tactically~*~*~ (hiding).
  5936 | D:6      | 5936 ||| INVOKING Heroism.
  5955 | D:6      | 5955 ||| DROPPING +1 flail of venom.
  6017 | D:6      | 6017 ||| DRINKING 2 fuming silvery potions.
  6224 | D:7      | 6224 ||| READING 2 scrolls of identify.
  6224 | D:7      | 6224 ||| IDENTIFYING fuming coppery potion
  6225 | D:7      | 6225 ||| DROPPING potion of brilliance.
  6262 | D:7      | 6262 ||| Stepping ~*~*~tactically~*~*~ (hiding).
  6264 | D:7      | 6264 ||| Stepping ~*~*~tactically~*~*~ (hiding).
  6265 | D:7      | 6265 ||| Stepping ~*~*~tactically~*~*~ (hiding).
  6303 | D:7      | 6303 ||| INVOKING Heroism.
  6330 | D:7      | 6330 ||| INVOKING Heroism.
  6333 | D:7      | 6333 ||| Stepping ~*~*~tactically~*~*~ (hiding).
  6334 | D:7      | 6334 ||| Stepping ~*~*~tactically~*~*~ (hiding).
  6556 | D:7      | Reached skill level 7 in Fighting
  6612 | D:7      | Reached ** piety under Okawaru
  6905 | D:7      | 6905 ||| DRINKING 2 ruby potions.
  7033 | D:8      | 7033 ||| Stepping ~*~*~tactically~*~*~ (hiding).
  7034 | D:8      | 7034 ||| Stepping ~*~*~tactically~*~*~ (hiding).
  7058 | D:8      | 7058 ||| Stepping ~*~*~tactically~*~*~ (stealth).
  7059 | D:8      | 7059 ||| Stepping ~*~*~tactically~*~*~ (stealth).
  7063 | D:8      | 7063 ||| Stepping ~*~*~tactically~*~*~ (stealth).
  7065 | D:8      | 7065 ||| FLEEEEING.
  7066 | D:8      | 7066 ||| FLEEEEING.
  7067 | D:8      | 7067 ||| FLEEEEING.
  7076 | D:8      | 7076 ||| FLEEEEING.
  7077 | D:8      | 7077 ||| FLEEEEING.
  7078 | D:8      | 7078 ||| FLEEEEING.
  7079 | D:8      | 7079 ||| FLEEEEING.
  7080 | D:8      | 7080 ||| FLEEEEING.
  7154 | D:8      | 7154 ||| Stepping ~*~*~tactically~*~*~ (stealth).
  7158 | D:8      | 7158 ||| Stepping ~*~*~tactically~*~*~ (hiding).
  7161 | D:8      | 7161 ||| INVOKING Heroism.
  7187 | D:8      | Identified the +2 leather armour "Mofi" {Regen+}
  7299 | D:8      | Noticed a two-headed ogre
  7300 | D:8      | 7300 ||| INVOKING Heroism.
  7306 | D:8      | Killed a two-headed ogre
  7307 | D:8      | Reached XP level 10. HP: 36/63 MP: 10/13
  7347 | D:8      | 7347 ||| Stepping ~*~*~tactically~*~*~ (stealth).
  7348 | D:8      | 7348 ||| Stepping ~*~*~tactically~*~*~ (stealth).
  7441 | D:8      | 7441 ||| INVOKING Heroism.
  7448 | D:8      | Reached skill level 6 in Armour
  7490 | D:8      | 7490 ||| INVOKING Heroism.
  7679 | D:8      | 7679 ||| UPGRADING to +0 plate armour.
  7691 | D:8      | 7691 ||| DROPPING +0 chain mail.
  7692 | D:8      | 7692 ||| UPGRADING to +0 plate armour of fire resistance.
  7702 | D:8      | 7702 ||| DROPPING +0 plate armour.
  7703 | D:8      | 7703 ||| UPGRADING to amulet of regeneration.
  7708 | D:8      | 7708 ||| Stepping ~*~*~tactically~*~*~ (stealth).
  7720 | D:8      | 7720 ||| READING scroll labelled ZOLOTI PAQYWU.
  7722 | D:8      | Found Geaqag's Changing Room.
  7724 | D:8      | 7724 ||| INVOKING Heroism.
  7754 | D:8      | 7754 ||| BUYING potion of lignification (33 gold).
  7754 | D:8      | Bought a potion of lignification for 33 gold pieces
  7754 | D:8      | 7754 ||| BUYING potion of mutation (88 gold).
  7754 | D:8      | Bought a potion of mutation for 88 gold pieces
  7874 | D:9      | 7874 ||| Stepping ~*~*~tactically~*~*~ (hiding).
  7877 | D:9      | 7877 ||| INVOKING Heroism.
  7915 | D:9      | 7915 ||| Stepping ~*~*~tactically~*~*~ (hiding).
  7916 | D:9      | 7916 ||| Stepping ~*~*~tactically~*~*~ (hiding).
  7918 | D:9      | 7918 ||| Stepping ~*~*~tactically~*~*~ (hiding).
  7919 | D:9      | 7919 ||| Stepping ~*~*~tactically~*~*~ (hiding).
  7920 | D:9      | 7920 ||| Stepping ~*~*~tactically~*~*~ (hiding).
  7929 | D:9      | 7929 ||| Stepping ~*~*~tactically~*~*~ (hiding).
  8033 | D:9      | Reached skill level 8 in Fighting
  8210 | D:9      | 8210 ||| Stepping ~*~*~tactically~*~*~ (hiding).
  8212 | D:9      | 8212 ||| Stepping ~*~*~tactically~*~*~ (hiding).
  8213 | D:9      | 8213 ||| Stepping ~*~*~tactically~*~*~ (hiding).
  8215 | D:9      | 8215 ||| Stepping ~*~*~tactically~*~*~ (hiding).
  8217 | D:9      | 8217 ||| INVOKING Heroism.
  8381 | D:9      | Reached skill level 3 in Throwing
  8392 | D:9      | 8392 ||| INVOKING Heroism.
  8394 | D:9      | 8394 ||| Stepping ~*~*~tactically~*~*~ (stealth).
  8398 | D:9      | 8398 ||| Stepping ~*~*~tactically~*~*~ (stealth).
  8530 | D:9      | 8530 ||| INVOKING Heroism.
  8754 | D:9      | 8754 ||| UPGRADING to +2 plate armour of fire resistance.
  8764 | D:9      | 8764 ||| DROPPING +0 plate armour of fire resistance.
  8765 | D:9      | 8765 ||| READING scroll labelled CINEEK PIUTUEW.
  8766 | D:9      | 8766 ||| DRINKING 2 metallic black potions.
  8871 | D:9      | 8871 ||| DROPPING potion of berserk rage.
  8891 | D:10     | Entered Level 10 of the Dungeon
  8912 | D:10     | Reached *** piety under Okawaru
  8914 | D:10     | Noticed a two-headed ogre
  8915 | D:10     | 8915 ||| Stepping ~*~*~tactically~*~*~ (stealth).
  8917 | D:10     | 8917 ||| INVOKING Heroism.
  8924 | D:10     | Killed a two-headed ogre
  8925 | D:10     | Reached XP level 11. HP: 55/68 MP: 11/14
  8940 | D:10     | Found a large runed translucent door.
  8940 | D:10     | Found a large runed translucent door.
  8943 | D:10     | Noticed a brown ugly thing
  9085 | D:10     | 9085 ||| INVOKING Heroism.
  9282 | D:10     | 9282 ||| Stepping ~*~*~tactically~*~*~ (stealth).
  9393 | D:10     | 9393 ||| INVOKING Heroism.
  9411 | D:10     | Identified the +8 dagger of the Orb {chaos, *Noise rC+
                  | Will+ Int+2}
  9495 | D:10     | Reached skill level 9 in Fighting
  9497 | D:10     | 9497 ||| FLEEEEING.
  9498 | D:10     | 9498 ||| FLEEEEING.
  9499 | D:10     | 9499 ||| FLEEEEING.
  9500 | D:10     | 9500 ||| FLEEEEING.
  9501 | D:10     | 9501 ||| FLEEEEING.
  9502 | D:10     | 9502 ||| FLEEEEING.
  9807 | D:10     | Found a shimmering altar of Xom.
  9807 | D:10     | Noticed a green ugly thing
  9931 | D:10     | 9931 ||| READING 4 scrolls of identify.
  9931 | D:10     | 9931 ||| IDENTIFYING pink potion
 10087 | D:11     | Found a staircase to the Lair.
 10126 | D:11     | Noticed a manticore
 10127 | D:11     | 10127 ||| Stepping ~*~*~tactically~*~*~ (hiding).
 10129 | D:11     | 10129 ||| Stepping ~*~*~tactically~*~*~ (hiding).
 10132 | D:11     | 10132 ||| INVOKING Heroism.
 10137 | D:11     | Killed a manticore
 10191 | D:11     | 10191 ||| Stepping ~*~*~tactically~*~*~ (stealth).
 10193 | D:11     | 10193 ||| DRINKING 5 potions of curing.
 10193 | D:11     | 10193 ||| (to cure confusion)
 10194 | D:11     | 10194 ||| INVOKING Heroism.
 10211 | D:11     | Reached skill level 12 in Axes
 10226 | D:11     | 10226 ||| DROPPING +2 war axe of distortion.
 10251 | D:11     | Noticed Nergalle
 10252 | D:11     | 10252 ||| INVOKING Heroism.
 10264 | D:11     | Killed Nergalle
 10309 | D:11     | Reached **** piety under Okawaru
 10326 | D:11     | 10326 ||| Stepping ~*~*~tactically~*~*~ (stealth).
 10330 | D:11     | 10330 ||| Stepping ~*~*~tactically~*~*~ (hiding).
 10334 | D:11     | 10334 ||| Stepping ~*~*~tactically~*~*~ (hiding).
 10336 | D:11     | 10336 ||| Stepping ~*~*~tactically~*~*~ (hiding).
 10467 | D:11     | 10467 ||| Stepping ~*~*~tactically~*~*~ (stealth).
 10477 | D:11     | Received a gift from Okawaru
 10478 | D:11     | Reached skill level 9 in Armour
 10496 | D:11     | Found a runed translucent door.
 10499 | D:11     | Noticed qw's ghost (journeyman GrFi)
 10529 | D:11     | Identified the +8 trident "Dogar" {heavy, Str-5 Int+3}
 10668 | D:11     | Noticed Grum
 10669 | D:11     | 10669 ||| Stepping ~*~*~tactically~*~*~ (hiding).
 10670 | D:11     | 10670 ||| Stepping ~*~*~tactically~*~*~ (hiding).
 10672 | D:11     | 10672 ||| INVOKING Heroism.
 10677 | D:11     | Reached skill level 6 in Shields
 10685 | D:11     | Killed Grum
 10732 | D:11     | Noticed Josephine
 10733 | D:11     | 10733 ||| Stepping ~*~*~tactically~*~*~ (hiding).
 10734 | D:11     | 10734 ||| Stepping ~*~*~tactically~*~*~ (hiding).
 10735 | D:11     | 10735 ||| Stepping ~*~*~tactically~*~*~ (hiding).
 10750 | D:11     | Killed Josephine
 10751 | D:11     | Reached XP level 12. HP: 58/76 MP: 14/16
 10816 | D:11     | 10816 ||| Stepping ~*~*~tactically~*~*~ (stealth).
 10824 | D:11     | Reached ***** piety under Okawaru
 10832 | D:11     | Reached skill level 6 in Invocations
 11011 | D:11     | 11011 ||| PLANNING LAIR
 11011 | D:11     | 11011 ||| UPGRADING to +5 ring of evasion.
 11050 | Lair:1   | Entered Level 1 of the Lair of Beasts
 11053 | Lair:1   | Reached skill level 10 in Fighting
 11070 | Lair:1   | 11070 ||| Stepping ~*~*~tactically~*~*~ (stealth).
 11071 | Lair:1   | 11071 ||| Stepping ~*~*~tactically~*~*~ (stealth).
 11175 | Lair:1   | 11175 ||| INVOKING Heroism.
 11214 | Lair:1   | Identified the +5 hand crossbow "Hell-Harrower" {penet,
                  | Str+5 Dex+2}
 11277 | Lair:1   | 11277 ||| INVOKING Heroism.
 11338 | Lair:1   | 11338 ||| Stepping ~*~*~tactically~*~*~ (stealth).
 11658 | Lair:1   | 11658 ||| INVOKING Heroism.
 11662 | Lair:1   | Identified the +5 scale mail of Impermeability {rElec rF+
                  | Str+2} (Okawaru gifted it to you on level 1 of the Lair of
                  | Beasts)
 11662 | Lair:1   | Received a gift from Okawaru
 11987 | Lair:2   | 11987 ||| Stepping ~*~*~tactically~*~*~ (stealth).
 12054 | Lair:2   | 12054 ||| INVOKING Heroism.
 12221 | Lair:2   | Identified the +0 robe "Ullul" {*Corrode rC+ Dex+4}
 12233 | Lair:2   | 12233 ||| Stepping ~*~*~tactically~*~*~ (stealth).
 12234 | Lair:2   | 12234 ||| INVOKING Heroism.
 12430 | Lair:2   | Reached skill level 9 in Invocations
 12605 | Lair:2   | Reached XP level 13. HP: 74/82 MP: 20/20
 12852 | Lair:2   | 12852 ||| UPGRADING to ring of resist corrosion.
 12853 | Lair:2   | 12853 ||| READING scroll labelled NUG ZEYSUQI.
 12854 | Lair:2   | 12854 ||| READING scroll labelled IPNOILAGGE.
 12868 | Lair:2   | 12868 ||| READING scroll labelled DOZAPH ETOEJUN.
 12868 | Lair:2   | Identified a scroll of acquirement
 12868 | Lair:2   | 12868 ||| ACQUIRING ring "Acesaawk" {rN+ Slay+2}
 12868 | Lair:2   | Acquired the ring "Acesaawk" {rN+ Slay+2}
 12870 | Lair:2   | 12870 ||| UPGRADING to ring "Acesaawk" {rN+ Slay+2}.
 13007 | Lair:3   | 13007 ||| Stepping ~*~*~tactically~*~*~ (stealth).
 13034 | Lair:3   | Found a staircase to the Shoals.
 13111 | Lair:3   | Found a hole to the Spider Nest.
 13145 | Lair:3   | 13145 ||| Stepping ~*~*~tactically~*~*~ (hiding).
 13182 | Lair:3   | 13182 ||| READING scroll of acquirement.
 13182 | Lair:3   | 13182 ||| ACQUIRING scarf "Pupreok" {rC+ rF+, rN+ Will+
                  | Int+5}
 13182 | Lair:3   | Acquired the scarf "Pupreok" {rC+ rF+, rN+ Will+ Int+5}
 13184 | Lair:3   | 13184 ||| UPGRADING to scarf "Pupreok" {rC+ rF+, rN+ Will+
                  | Int+5}.
 13412 | Lair:3   | Identified the +3 dagger of the Assorted Friars {heavy,
                  | rN+}
 13719 | Lair:3   | 13719 ||| READING scroll labelled SICHIZXE USOVOIM.
 13816 | Lair:4   | 13816 ||| Stepping ~*~*~tactically~*~*~ (stealth).
 13879 | Lair:4   | Received a gift from Okawaru
 14019 | Lair:4   | 14019 ||| INVOKING Heroism.
 14020 | Lair:4   | 14020 ||| INVOKING Finesse.
 14021 | Lair:4   | Found a staircase to the Slime Pits.
 14021 | Lair:4   | Found a viscous altar of Jiyva.
 14037 | Lair:4   | Received a gift from Okawaru
 14069 | Lair:4   | 14069 ||| Stepping ~*~*~tactically~*~*~ (stealth).
 14070 | Lair:4   | 14070 ||| Stepping ~*~*~tactically~*~*~ (stealth).
 14115 | Lair:4   | 14115 ||| INVOKING Heroism.
 14116 | Lair:4   | 14116 ||| INVOKING Finesse.
 14117 | Lair:4   | 14117 ||| Stepping ~*~*~tactically~*~*~ (stealth).
 14119 | Lair:4   | 14119 ||| SWAPPING to +0 hand axe of flaming.
 14127 | Lair:4   | 14127 ||| SWAPPING to +2 spectral war axe.
 14174 | Lair:4   | 14174 ||| INVOKING Heroism.
 14326 | Lair:4   | 14326 ||| INVOKING Heroism.
 14327 | Lair:4   | 14327 ||| INVOKING Finesse.
 14335 | Lair:4   | 14335 ||| SWAPPING to +0 hand axe of flaming.
 14340 | Lair:4   | Reached skill level 11 in Fighting
 14340 | Lair:4   | 14340 ||| SWAPPING to +2 spectral war axe.
 14390 | Lair:4   | 14390 ||| INVOKING Heroism.
 14391 | Lair:4   | 14391 ||| INVOKING Finesse.
 14697 | Lair:4   | 14697 ||| INVOKING Heroism.
 14698 | Lair:4   | 14698 ||| SWAPPING to +0 hand axe of flaming.
 14706 | Lair:4   | 14706 ||| SWAPPING to +2 spectral war axe.
 14805 | Lair:5   | Entered Level 5 of the Lair of Beasts
 14812 | Lair:5   | 14812 ||| INVOKING Heroism.
 14828 | Lair:5   | Received a gift from Okawaru
 14863 | Lair:5   | 14863 ||| INVOKING Heroism.
 14882 | Lair:5   | Gained mutation: Your large and strong wings let you fly.
                  | [Gargoyle growth]
 14882 | Lair:5   | Reached XP level 14. HP: 90/90 MP: 21/21
 15013 | Lair:5   | Noticed Snorg
 15015 | Lair:5   | 15015 ||| INVOKING Heroism.
 15016 | Lair:5   | 15016 ||| INVOKING Finesse.
 15022 | Lair:5   | Killed Snorg
 15023 | Lair:5   | Reached skill level 15 in Axes
 15176 | Lair:5   | 15176 ||| Stepping ~*~*~tactically~*~*~ (stealth).
 15184 | Lair:5   | 15184 ||| INVOKING Heroism.
 15206 | Lair:5   | Received a gift from Okawaru
 15236 | Lair:5   | 15236 ||| Stepping ~*~*~tactically~*~*~ (stealth).
 15255 | Lair:5   | 15255 ||| INVOKING Heroism.
 15267 | Lair:5   | 15267 ||| Stepping ~*~*~tactically~*~*~ (stealth).
 15292 | Lair:5   | 15292 ||| Stepping ~*~*~tactically~*~*~ (stealth).
 15294 | Lair:5   | 15294 ||| Stepping ~*~*~tactically~*~*~ (stealth).
 15296 | Lair:5   | 15296 ||| Stepping ~*~*~tactically~*~*~ (hiding).
 15325 | Lair:5   | 15325 ||| Stepping ~*~*~tactically~*~*~ (stealth).
 15326 | Lair:5   | 15326 ||| Stepping ~*~*~tactically~*~*~ (stealth).
 15339 | Lair:5   | 15339 ||| Stepping ~*~*~tactically~*~*~ (stealth).
 15340 | Lair:5   | 15340 ||| INVOKING Heroism.
 15342 | Lair:5   | 15342 ||| Stepping ~*~*~tactically~*~*~ (stealth).
 15343 | Lair:5   | 15343 ||| Stepping ~*~*~tactically~*~*~ (stealth).
 15362 | Lair:5   | Reached skill level 6 in Throwing
 15369 | Lair:5   | 15369 ||| Stepping ~*~*~tactically~*~*~ (stealth).
 15370 | Lair:5   | 15370 ||| Stepping ~*~*~tactically~*~*~ (stealth).
 15445 | Lair:5   | 15445 ||| INVOKING Heroism.
 15514 | Lair:5   | 15514 ||| INVOKING Heroism.
 15516 | Lair:5   | 15516 ||| Stepping ~*~*~tactically~*~*~ (stealth).
 15517 | Lair:5   | 15517 ||| Stepping ~*~*~tactically~*~*~ (stealth).
 15543 | Lair:5   | 15543 ||| INVOKING Finesse.
 15549 | Lair:5   | 15549 ||| SWAPPING to +0 hand axe of flaming.
 15551 | Lair:5   | Reached skill level 12 in Fighting
 15551 | Lair:5   | 15551 ||| SWAPPING to +2 spectral war axe.
 15746 | Lair:5   | 15746 ||| PLANNING D
 15746 | Lair:5   | 15746 ||| DROPPING +2 buckler.
 15747 | Lair:5   | 15747 ||| UPGRADING to +2 pair of boots.
 15757 | Lair:5   | 15757 ||| DROPPING +0 pair of boots.
 15891 | D:12     | Found a staircase to the Orcish Mines.
 15925 | D:12     | 15925 ||| Stepping ~*~*~tactically~*~*~ (stealth).
 15984 | D:12     | 15984 ||| INVOKING Heroism.
 16077 | D:12     | Found a sacrificial altar of Ru.
 16228 | D:12     | 16228 ||| Stepping ~*~*~tactically~*~*~ (hiding).
 16386 | D:12     | 16386 ||| Stepping ~*~*~tactically~*~*~ (stealth).
 16388 | D:12     | 16388 ||| Stepping ~*~*~tactically~*~*~ (hiding).
 16389 | D:12     | 16389 ||| Stepping ~*~*~tactically~*~*~ (hiding).
 16390 | D:12     | 16390 ||| Stepping ~*~*~tactically~*~*~ (hiding).
 16391 | D:12     | 16391 ||| Stepping ~*~*~tactically~*~*~ (hiding).
 16461 | D:12     | Received a gift from Okawaru
 16553 | D:12     | 16553 ||| INVOKING Heroism.
 16554 | D:12     | 16554 ||| INVOKING Finesse.
 16730 | D:12     | 16730 ||| INVOKING Heroism.
 16731 | D:12     | 16731 ||| SWAPPING to +0 hand axe of flaming.
 16740 | D:12     | 16740 ||| SWAPPING to +2 spectral war axe.
 16830 | D:12     | Reached XP level 15. HP: 96/96 MP: 22/22
 16833 | D:12     | 16833 ||| INVOKING Heroism.
 16837 | D:12     | 16837 ||| READING 7 scrolls of teleportation.
 16973 | D:12     | 16973 ||| Stepping ~*~*~tactically~*~*~ (hiding).
 17018 | D:12     | 17018 ||| Stepping ~*~*~tactically~*~*~ (hiding).
 17024 | D:12     | Reached skill level 12 in Armour
 17025 | D:12     | 17025 ||| INVOKING Heroism.
 17026 | D:12     | 17026 ||| SWAPPING to +0 hand axe of flaming.
 17034 | D:12     | 17034 ||| SWAPPING to +2 spectral war axe.
 17051 | D:12     | Identified the +0 spear "Ociruatsem" {elec, Dex+2}
 17071 | D:12     | Identified the +7 spear of Termination {protect, rElec rF+
                  | Str+5 Int+3}
 17100 | D:12     | Reached skill level 3 in Dodging
 17196 | D:12     | 17196 ||| INVOKING Heroism.
 17239 | D:12     | Identified the staff of death "Howe" {rN+ Will+}
 17377 | D:12     | 17377 ||| DROPPING 11 boomerangs.
 17378 | D:12     | 17378 ||| DROPPING 2 silver boomerangs.
 17450 | D:13     | 17450 ||| INVOKING Heroism.
 17666 | D:13     | You are sucked into a shaft and drop 2 floors!
 17666 | D:15     | Entered Level 15 of the Dungeon
 17669 | D:15     | 17669 ||| Stepping ~*~*~tactically~*~*~ (hiding).
 17670 | D:15     | 17670 ||| INVOKING Heroism.
 17678 | D:15     | Received a gift from Okawaru
 17717 | D:15     | 17717 ||| Stepping ~*~*~tactically~*~*~ (stealth).
 17719 | D:15     | 17719 ||| Stepping ~*~*~tactically~*~*~ (hiding).
 17961 | D:14     | 17961 ||| Stepping ~*~*~tactically~*~*~ (stealth).
 17968 | D:14     | Received a gift from Okawaru
 17973 | D:14     | 17973 ||| Stepping ~*~*~tactically~*~*~ (hiding).
 17982 | D:14     | Reached skill level 13 in Fighting
 18010 | D:14     | 18010 ||| Stepping ~*~*~tactically~*~*~ (stealth).
 18012 | D:14     | 18012 ||| Stepping ~*~*~tactically~*~*~ (hiding).
 18106 | D:14     | 18106 ||| Stepping ~*~*~tactically~*~*~ (hiding).
 18114 | D:14     | 18114 ||| Stepping ~*~*~tactically~*~*~ (stealth).
 18117 | D:14     | 18117 ||| Stepping ~*~*~tactically~*~*~ (hiding).
 18118 | D:14     | 18118 ||| Stepping ~*~*~tactically~*~*~ (hiding).
 18131 | D:14     | 18131 ||| UPGRADING to +6 ring of dexterity.
 18238 | D:13     | Found a gate to the Vaults.
 18239 | D:13     | 18239 ||| Stepping ~*~*~tactically~*~*~ (hiding).
 18250 | D:13     | 18250 ||| INVOKING Heroism.
 18265 | D:13     | HP: 18/98 [vault guard/+3 halberd (14)]
 18266 | D:13     | 18266 ||| READING 6 scrolls of teleportation.
 18267 | D:13     | 18267 ||| DRINKING 6 potions of heal wounds.
 18269 | D:13     | 18269 ||| DRINKING 5 potions of heal wounds.
 18525 | D:13     | 18525 ||| Stepping ~*~*~tactically~*~*~ (hiding).
 18527 | D:13     | 18527 ||| Stepping ~*~*~tactically~*~*~ (hiding).
 18791 | D:14     | 18791 ||| Stepping ~*~*~tactically~*~*~ (hiding).
 18925 | D:14     | 18925 ||| READING scroll of enchant armour.
 18925 | D:14     | 18925 ||| ENCHANTING +2 plate armour of fire resistance.
 19006 | D:14     | 19006 ||| Stepping ~*~*~tactically~*~*~ (hiding).
 19007 | D:14     | 19007 ||| Stepping ~*~*~tactically~*~*~ (hiding).
 19014 | D:14     | 19014 ||| INVOKING Heroism.
 19473 | D:14     | 19473 ||| Stepping ~*~*~tactically~*~*~ (hiding).
 19480 | D:14     | Reached skill level 9 in Shields
 19641 | D:15     | 19641 ||| Stepping ~*~*~tactically~*~*~ (stealth).
 19642 | D:15     | 19642 ||| Stepping ~*~*~tactically~*~*~ (stealth).
 19673 | D:15     | 19673 ||| INVOKING Heroism.
 19771 | D:15     | 19771 ||| Stepping ~*~*~tactically~*~*~ (hiding).
 19785 | D:15     | 19785 ||| Stepping ~*~*~tactically~*~*~ (stealth).
 19787 | D:15     | 19787 ||| Stepping ~*~*~tactically~*~*~ (stealth).
 19789 | D:15     | 19789 ||| INVOKING Heroism.
 19790 | D:15     | 19790 ||| INVOKING Finesse.
 19792 | D:15     | 19792 ||| SWAPPING to +0 hand axe of flaming.
 19797 | D:15     | 19797 ||| SWAPPING to +2 spectral war axe.
 19803 | D:15     | 19803 ||| Stepping ~*~*~tactically~*~*~ (stealth).
 19806 | D:15     | 19806 ||| Stepping ~*~*~tactically~*~*~ (stealth).
 19842 | D:15     | 19842 ||| INVOKING Heroism.
 19846 | D:15     | 19846 ||| SWAPPING to +0 hand axe of flaming.
 19855 | D:15     | 19855 ||| SWAPPING to +2 spectral war axe.
 19943 | D:15     | 19943 ||| Stepping ~*~*~tactically~*~*~ (hiding).
 19945 | D:15     | 19945 ||| Stepping ~*~*~tactically~*~*~ (hiding).
 19949 | D:15     | 19949 ||| Stepping ~*~*~tactically~*~*~ (hiding).
 20003 | D:15     | 20003 ||| FLEEEEING.
 20004 | D:15     | 20004 ||| FLEEEEING.
 20005 | D:15     | 20005 ||| FLEEEEING.
 20006 | D:15     | 20006 ||| FLEEEEING.
 20007 | D:15     | 20007 ||| FLEEEEING.
 20198 | D:15     | 20198 ||| FLEEEEING.
 20199 | D:15     | 20199 ||| FLEEEEING.
 20201 | D:15     | 20201 ||| Stepping ~*~*~tactically~*~*~ (hiding).
 20203 | D:15     | 20203 ||| Stepping ~*~*~tactically~*~*~ (hiding).
 20208 | D:15     | Reached skill level 14 in Fighting
 20208 | D:15     | Reached XP level 16. HP: 79/106 MP: 23/23
 20251 | D:15     | Found a stormy altar of Qazlal.
 20291 | D:15     | Identified Roxanne's Anthology of Shapeshifting
 20291 | D:15     | Noticed Roxanne
 20292 | D:15     | 20292 ||| INVOKING Heroism.
 20293 | D:15     | 20293 ||| INVOKING Finesse.
 20309 | D:15     | Killed Roxanne
 20503 | D:15     | 20503 ||| INVOKING Heroism.
 20517 | D:15     | 20517 ||| Stepping ~*~*~tactically~*~*~ (stealth).
 20650 | D:15     | Noticed an acid blob
 20651 | D:15     | 20651 ||| Stepping ~*~*~tactically~*~*~ (stealth).
 20652 | D:15     | 20652 ||| Stepping ~*~*~tactically~*~*~ (stealth).
 20653 | D:15     | 20653 ||| Stepping ~*~*~tactically~*~*~ (stealth).
 20655 | D:15     | 20655 ||| Stepping ~*~*~tactically~*~*~ (hiding).
 20656 | D:15     | 20656 ||| INVOKING Heroism.
 20659 | D:15     | an acid blob changed into a rockslime
 20659 | D:15     | Noticed a rockslime (shapeshifter)
 20666 | D:15     | Killed a rockslime
 20784 | D:15     | 20784 ||| Stepping ~*~*~tactically~*~*~ (stealth).
 20805 | D:15     | 20805 ||| FLEEEEING.
 20860 | D:15     | 20860 ||| Stepping ~*~*~tactically~*~*~ (hiding).
 20971 | D:15     | Found a staircase to the Depths.
 21103 | D:15     | 21103 ||| PLANNING ORC
 21209 | Orc:1    | Entered Level 1 of the Orcish Mines
 21209 | Orc:1    | Noticed Maurice
 21228 | Orc:1    | Killed Maurice
 21486 | Orc:1    | 21486 ||| INVOKING Heroism.
 21487 | Orc:1    | 21487 ||| INVOKING Finesse.
 21724 | Orc:2    | Entered Level 2 of the Orcish Mines
 21725 | Orc:2    | Found a staircase to the Elven Halls.
 21735 | Orc:2    | Noticed Nessos
 21747 | Orc:2    | 21747 ||| Stepping ~*~*~tactically~*~*~ (hiding).
 21748 | Orc:2    | 21748 ||| INVOKING Heroism.
 21758 | Orc:2    | Reached skill level 15 in Fighting
 21786 | Orc:2    | Killed Nessos
 21873 | Orc:2    | 21873 ||| Stepping ~*~*~tactically~*~*~ (hiding).
 21877 | Orc:2    | 21877 ||| Stepping ~*~*~tactically~*~*~ (hiding).
 21878 | Orc:2    | 21878 ||| Stepping ~*~*~tactically~*~*~ (hiding).
 21882 | Orc:2    | 21882 ||| Stepping ~*~*~tactically~*~*~ (hiding).
 21994 | Orc:2    | 21994 ||| INVOKING Heroism.
 22021 | Orc:2    | Received a gift from Okawaru
 22030 | Orc:2    | HP: 25/108 [two-headed ogre/+0 giant club (11)]
 22031 | Orc:2    | 22031 ||| READING 9 scrolls of teleportation.
 22032 | Orc:2    | 22032 ||| DRINKING 4 potions of heal wounds.
 22032 | Orc:2    | HP: 11/108 [two-headed ogre/+0 giant spiked club (7)]
 22033 | Orc:2    | 22033 ||| DRINKING 3 potions of heal wounds.
 22087 | Orc:2    | 22087 ||| Stepping ~*~*~tactically~*~*~ (hiding).
 22088 | Orc:2    | 22088 ||| INVOKING Heroism.
 22121 | Orc:2    | 22121 ||| Stepping ~*~*~tactically~*~*~ (stealth).
 22135 | Orc:2    | 22135 ||| Stepping ~*~*~tactically~*~*~ (stealth).
 22136 | Orc:2    | 22136 ||| Stepping ~*~*~tactically~*~*~ (stealth).
 22149 | Orc:2    | Paralysed by an ogre mage for 3 turns
 22156 | Orc:2    | Received a gift from Okawaru
 22167 | Orc:2    | 22167 ||| Stepping ~*~*~tactically~*~*~ (stealth).
 22172 | Orc:2    | 22172 ||| Stepping ~*~*~tactically~*~*~ (stealth).
 22176 | Orc:2    | 22176 ||| Stepping ~*~*~tactically~*~*~ (stealth).
 22177 | Orc:2    | 22177 ||| Stepping ~*~*~tactically~*~*~ (stealth).
 22182 | Orc:2    | 22182 ||| Stepping ~*~*~tactically~*~*~ (hiding).
 22183 | Orc:2    | 22183 ||| Stepping ~*~*~tactically~*~*~ (hiding).
 22185 | Orc:2    | 22185 ||| Stepping ~*~*~tactically~*~*~ (hiding).
 22186 | Orc:2    | 22186 ||| Stepping ~*~*~tactically~*~*~ (hiding).
 22187 | Orc:2    | 22187 ||| Stepping ~*~*~tactically~*~*~ (hiding).
 22188 | Orc:2    | 22188 ||| Stepping ~*~*~tactically~*~*~ (hiding).
 22189 | Orc:2    | 22189 ||| Stepping ~*~*~tactically~*~*~ (hiding).
 22190 | Orc:2    | 22190 ||| Stepping ~*~*~tactically~*~*~ (hiding).
 22191 | Orc:2    | 22191 ||| INVOKING Heroism.
 22225 | Orc:2    | Found Seinywk's Jewellery Emporium.
 22225 | Orc:2    | Found Wuoshr Liti's Jewellery Shop.
 22226 | Orc:2    | Found Volosh's Jewellery Shop.
 22226 | Orc:2    | Found Soavan Wusa's Jewellery Shoppe.
 22238 | Orc:2    | 22238 ||| BUYING +6 ring of strength (540 gold).
 22238 | Orc:2    | Bought a +6 ring of strength for 540 gold pieces
 22238 | Orc:2    | 22238 ||| BUYING ring "Hiethofe" {rN+ Slay+4} (1338 gold).
 22238 | Orc:2    | Bought the ring "Hiethofe" {rN+ Slay+4} for 1338 gold
                  | pieces
 22238 | Orc:2    | 22238 ||| BUYING ring of protection from cold (375 gold).
 22238 | Orc:2    | Bought a ring of protection from cold for 375 gold pieces
 22238 | Orc:2    | 22238 ||| SHOPLISTING ring of resist corrosion (300 gold,
                  | have 198).
 22239 | Orc:2    | 22239 ||| SHOPLISTING amulet of faith (520 gold, have 198).
 22239 | Orc:2    | 22239 ||| SHOPLISTING amulet of reflection (390 gold, have
                  | 198).
 22239 | Orc:2    | 22239 ||| SHOPLISTING brooch of Shielding {Spirit SH+8}
                  | (845 gold, have 198).
 22240 | Orc:2    | 22240 ||| SHOPLISTING ring of resist corrosion (220 gold,
                  | have 198).
 22331 | Orc:2    | Received a gift from Okawaru
 22348 | Orc:2    | 22348 ||| DROPPING ring of see invisible.
 22349 | Orc:2    | 22349 ||| UPGRADING to +6 ring of strength.
 22351 | Orc:2    | 22351 ||| DROPPING ring "Acesaawk" {rN+ Slay+2}.
 22352 | Orc:2    | 22352 ||| UPGRADING to ring "Hiethofe" {rN+ Slay+4}.
 22354 | Orc:2    | 22354 ||| DROPPING +6 ring of dexterity.
 22355 | Orc:2    | 22355 ||| DROPPING +6 ring of strength.
 22356 | Orc:2    | 22356 ||| DROPPING boomerang.
 22578 | Orc:2    | 22578 ||| PLANNING SHOALS:1-3
 22746 | Shoals:1 | Entered Level 1 of the Shoals
 22757 | Shoals:1 | 22757 ||| Stepping ~*~*~tactically~*~*~ (hiding).
 22758 | Shoals:1 | 22758 ||| Stepping ~*~*~tactically~*~*~ (hiding).
 22760 | Shoals:1 | 22760 ||| Stepping ~*~*~tactically~*~*~ (hiding).
 22785 | Shoals:1 | Noticed Nikola
 22786 | Shoals:1 | 22786 ||| INVOKING Heroism.
 22787 | Shoals:1 | 22787 ||| Stepping ~*~*~tactically~*~*~ (hiding).
 22788 | Shoals:1 | 22788 ||| Stepping ~*~*~tactically~*~*~ (hiding).
 22789 | Shoals:1 | 22789 ||| Stepping ~*~*~tactically~*~*~ (hiding).
 22809 | Shoals:1 | Killed Nikola
 23155 | Shoals:1 | 23155 ||| INVOKING Heroism.
 23290 | Shoals:1 | Reached skill level 16 in Fighting
 23396 | Shoals:1 | Noticed Aizul
 23397 | Shoals:1 | 23397 ||| INVOKING Heroism.
 23398 | Shoals:1 | 23398 ||| INVOKING Finesse.
 23406 | Shoals:1 | Killed Aizul
 23596 | Shoals:2 | 23596 ||| INVOKING Heroism.
 23611 | Shoals:2 | Found Otierghaq's Jewellery Boutique.
 23618 | Shoals:2 | Noticed Polyphemus
 23630 | Shoals:2 | Killed Polyphemus
 23671 | Shoals:2 | 23671 ||| SHOPLISTING amulet of Free Expression {Acrobat
                  | Fly rPois rF+++ Str-2} (741 gold, have 464).
 23671 | Shoals:2 | 23671 ||| BUYING amulet of reflection (300 gold).
 23671 | Shoals:2 | Bought an amulet of reflection for 300 gold pieces
 23671 | Shoals:2 | 23671 ||| SHOPLISTING ring of Light {rN+++ EV+5} (640 gold,
                  | have 164).
 23731 | Shoals:2 | 23731 ||| INVOKING Heroism.
 23731 | Shoals:2 | Noticed Ilsuiw
 23741 | Shoals:2 | Killed Ilsuiw
 23742 | Shoals:2 | Reached XP level 17. HP: 94/115 MP: 22/24
 23742 | Shoals:2 | 23742 ||| INVOKING Finesse.
 23752 | Shoals:2 | Reached skill level 15 in Armour
 23798 | Shoals:2 | 23798 ||| INVOKING Heroism.
 23823 | Shoals:2 | 23823 ||| INVOKING Heroism.
 23868 | Shoals:2 | Received a gift from Okawaru
 23988 | Shoals:2 | 23988 ||| INVOKING Heroism.
 24149 | Shoals:2 | 24149 ||| Stepping ~*~*~tactically~*~*~ (hiding).
 24151 | Shoals:2 | 24151 ||| Stepping ~*~*~tactically~*~*~ (hiding).
 24153 | Shoals:2 | 24153 ||| Stepping ~*~*~tactically~*~*~ (hiding).
 24398 | Shoals:2 | 24398 ||| Stepping ~*~*~tactically~*~*~ (hiding).
 24399 | Shoals:2 | 24399 ||| Stepping ~*~*~tactically~*~*~ (hiding).
 24400 | Shoals:2 | 24400 ||| Stepping ~*~*~tactically~*~*~ (hiding).
 24551 | Shoals:2 | 24551 ||| UPGRADING to +0 kite shield.
 24561 | Shoals:2 | 24561 ||| DROPPING +2 buckler of positive energy.
 24562 | Shoals:2 | 24562 ||| UPGRADING to amulet of reflection.
 24572 | Shoals:2 | 24572 ||| DROPPING amulet of regeneration.
 24633 | Shoals:3 | 24633 ||| INVOKING Heroism.
 24703 | Shoals:3 | Received a gift from Okawaru
 24722 | Shoals:3 | 24722 ||| INVOKING Heroism.
 25177 | Shoals:3 | 25177 ||| INVOKING Heroism.
 25776 | Shoals:3 | 25776 ||| PLANNING SPIDER:1-3
 25878 | Spider:1 | Entered Level 1 of the Spider Nest
 25887 | Spider:1 | 25887 ||| FLEEEEING.
 25888 | Spider:1 | 25888 ||| FLEEEEING.
 26046 | Spider:1 | 26046 ||| INVOKING Finesse.
 26056 | Spider:1 | Reached skill level 12 in Shields
 26146 | Spider:1 | 26146 ||| INVOKING Finesse.
 26148 | Spider:1 | 26148 ||| Stepping ~*~*~tactically~*~*~ (stealth).
 26155 | Spider:1 | 26155 ||| FLEEEEING.
 26279 | Spider:1 | 26279 ||| Stepping ~*~*~tactically~*~*~ (stealth).
 26291 | Spider:1 | 26291 ||| INVOKING Heroism.
 26321 | Spider:1 | Received a gift from Okawaru
 26556 | Spider:1 | 26556 ||| Stepping ~*~*~tactically~*~*~ (stealth).
 26560 | Spider:1 | 26560 ||| Stepping ~*~*~tactically~*~*~ (stealth).
 26596 | Spider:1 | 26596 ||| Stepping ~*~*~tactically~*~*~ (stealth).
 26617 | Spider:1 | 26617 ||| INVOKING Heroism.
 26743 | Spider:1 | 26743 ||| Stepping ~*~*~tactically~*~*~ (stealth).
 26907 | Spider:1 | 26907 ||| INVOKING Heroism.
 27043 | Spider:1 | 27043 ||| INVOKING Heroism.
 27136 | Spider:1 | Identified the +2 robe of Morality {rF+ Will+ SInv}
 27367 | Spider:1 | 27367 ||| FLEEEEING.
 27369 | Spider:1 | 27369 ||| FLEEEEING.
 27402 | Spider:1 | 27402 ||| READING scroll of enchant weapon.
 27402 | Spider:1 | 27402 ||| ENCHANTING +2 spectral war axe.
 27581 | Spider:1 | 27581 ||| DROPPING scarf of invisibility.
 27643 | Spider:2 | Received a gift from Okawaru
 27644 | Spider:2 | 27644 ||| INVOKING Heroism.
 27854 | Spider:2 | 27854 ||| Stepping ~*~*~tactically~*~*~ (hiding).
 27855 | Spider:2 | 27855 ||| Stepping ~*~*~tactically~*~*~ (hiding).
 27986 | Spider:2 | 27986 ||| Stepping ~*~*~tactically~*~*~ (stealth).
 27987 | Spider:2 | 27987 ||| Stepping ~*~*~tactically~*~*~ (stealth).
 27988 | Spider:2 | 27988 ||| Stepping ~*~*~tactically~*~*~ (stealth).
 28026 | Spider:2 | 28026 ||| Stepping ~*~*~tactically~*~*~ (hiding).
 28080 | Spider:2 | 28080 ||| Stepping ~*~*~tactically~*~*~ (stealth).
 28109 | Spider:2 | 28109 ||| READING scroll of enchant armour.
 28109 | Spider:2 | 28109 ||| ENCHANTING +3 plate armour of fire resistance.
 28166 | Spider:2 | 28166 ||| Stepping ~*~*~tactically~*~*~ (stealth).
 28220 | Spider:2 | 28220 ||| Stepping ~*~*~tactically~*~*~ (stealth).
 28223 | Spider:2 | Received a gift from Okawaru
 28297 | Spider:2 | 28297 ||| Stepping ~*~*~tactically~*~*~ (stealth).
 28408 | Spider:2 | 28408 ||| Stepping ~*~*~tactically~*~*~ (stealth).
 28412 | Spider:2 | 28412 ||| Stepping ~*~*~tactically~*~*~ (hiding).
 28569 | Spider:2 | 28569 ||| INVOKING Finesse.
 28573 | Spider:2 | 28573 ||| Stepping ~*~*~tactically~*~*~ (stealth).
 28577 | Spider:2 | Received a gift from Okawaru
 28580 | Spider:2 | Reached XP level 18. HP: 122/122 MP: 20/25
 28591 | Spider:2 | 28591 ||| Stepping ~*~*~tactically~*~*~ (stealth).
 28611 | Spider:2 | 28611 ||| DROPPING +0 hand axe of flaming.
 29052 | Spider:2 | 29052 ||| INVOKING Heroism.
 29117 | Spider:2 | 29117 ||| Stepping ~*~*~tactically~*~*~ (stealth).
 29201 | Spider:2 | 29201 ||| Stepping ~*~*~tactically~*~*~ (stealth).
 29204 | Spider:2 | 29204 ||| Stepping ~*~*~tactically~*~*~ (stealth).
 29206 | Spider:2 | 29206 ||| Stepping ~*~*~tactically~*~*~ (stealth).
 29214 | Spider:2 | Identified the +6 shortbow "Zufucen" {heavy, rF- rC++
                  | Str+4}
 29307 | Spider:3 | 29307 ||| INVOKING Heroism.
 29420 | Spider:3 | Found a runed translucent door.
 29460 | Spider:3 | Noticed qw's ghost (adept GrFi)
 29480 | Spider:3 | Reached skill level 9 in Throwing
 29594 | Spider:3 | 29594 ||| Stepping ~*~*~tactically~*~*~ (hiding).
 29595 | Spider:3 | 29595 ||| Stepping ~*~*~tactically~*~*~ (hiding).
 29611 | Spider:3 | Reached skill level 15 in Shields
 29672 | Spider:3 | 29672 ||| INVOKING Heroism.
 29769 | Spider:3 | 29769 ||| Stepping ~*~*~tactically~*~*~ (stealth).
 29770 | Spider:3 | 29770 ||| Stepping ~*~*~tactically~*~*~ (stealth).
 29909 | Spider:3 | Reached skill level 17 in Fighting
 29926 | Spider:3 | Noticed Jorgrun
 29941 | Spider:3 | Killed Jorgrun
 30238 | Spider:3 | Received a gift from Okawaru
 30300 | Spider:3 | 30300 ||| Stepping ~*~*~tactically~*~*~ (hiding).
 30301 | Spider:3 | 30301 ||| INVOKING Heroism.
 30579 | Spider:3 | 30579 ||| PLANNING SHOALS:4
 30746 | Shoals:4 | Entered Level 4 of the Shoals
 30746 | Shoals:4 | Found a shimmering altar of Xom.
 30763 | Shoals:4 | 30763 ||| Stepping ~*~*~tactically~*~*~ (hiding).
 30766 | Shoals:4 | 30766 ||| Stepping ~*~*~tactically~*~*~ (hiding).
 30768 | Shoals:4 | 30768 ||| INVOKING Heroism.
 30821 | Shoals:4 | 30821 ||| Stepping ~*~*~tactically~*~*~ (hiding).
 30832 | Shoals:4 | Identified the +3 shortbow of Magnificence {drain, rElec
                  | rPois}
 30833 | Shoals:4 | 30833 ||| Stepping ~*~*~tactically~*~*~ (stealth).
 30835 | Shoals:4 | 30835 ||| Stepping ~*~*~tactically~*~*~ (hiding).
 30838 | Shoals:4 | 30838 ||| INVOKING Heroism.
 30842 | Shoals:4 | 30842 ||| INVOKING Finesse.
 30858 | Shoals:4 | Received a gift from Okawaru
 30965 | Shoals:4 | 30965 ||| Stepping ~*~*~tactically~*~*~ (stealth).
 30971 | Shoals:4 | 30971 ||| Stepping ~*~*~tactically~*~*~ (stealth).
 31021 | Shoals:4 | 31021 ||| READING scroll of enchant armour.
 31021 | Shoals:4 | 31021 ||| ENCHANTING +4 plate armour of fire resistance.
 31033 | Shoals:4 | 31033 ||| Stepping ~*~*~tactically~*~*~ (hiding).
 31035 | Shoals:4 | 31035 ||| Stepping ~*~*~tactically~*~*~ (stealth).
 31039 | Shoals:4 | 31039 ||| INVOKING Heroism.
 31045 | Shoals:4 | 31045 ||| Stepping ~*~*~tactically~*~*~ (hiding).
 31046 | Shoals:4 | 31046 ||| Stepping ~*~*~tactically~*~*~ (hiding).
 31047 | Shoals:4 | 31047 ||| Stepping ~*~*~tactically~*~*~ (hiding).
 31048 | Shoals:4 | 31048 ||| Stepping ~*~*~tactically~*~*~ (hiding).
 31049 | Shoals:4 | 31049 ||| Stepping ~*~*~tactically~*~*~ (hiding).
 31050 | Shoals:4 | 31050 ||| Stepping ~*~*~tactically~*~*~ (hiding).
 31051 | Shoals:4 | 31051 ||| Stepping ~*~*~tactically~*~*~ (hiding).
 31052 | Shoals:4 | 31052 ||| Stepping ~*~*~tactically~*~*~ (hiding).
 31053 | Shoals:4 | 31053 ||| Stepping ~*~*~tactically~*~*~ (hiding).
 31054 | Shoals:4 | 31054 ||| Stepping ~*~*~tactically~*~*~ (hiding).
 31057 | Shoals:4 | 31057 ||| Stepping ~*~*~tactically~*~*~ (hiding).
 31058 | Shoals:4 | 31058 ||| Stepping ~*~*~tactically~*~*~ (hiding).
 31060 | Shoals:4 | 31060 ||| Stepping ~*~*~tactically~*~*~ (hiding).
 31061 | Shoals:4 | 31061 ||| Stepping ~*~*~tactically~*~*~ (hiding).
 31063 | Shoals:4 | 31063 ||| Stepping ~*~*~tactically~*~*~ (hiding).
 31065 | Shoals:4 | 31065 ||| Stepping ~*~*~tactically~*~*~ (hiding).
 31073 | Shoals:4 | 31073 ||| Stepping ~*~*~tactically~*~*~ (stealth).
 31079 | Shoals:4 | 31079 ||| Stepping ~*~*~tactically~*~*~ (stealth).
 31080 | Shoals:4 | 31080 ||| Stepping ~*~*~tactically~*~*~ (stealth).
 31083 | Shoals:4 | 31083 ||| Stepping ~*~*~tactically~*~*~ (hiding).
 31085 | Shoals:4 | 31085 ||| INVOKING Heroism.
 31102 | Shoals:4 | 31102 ||| Stepping ~*~*~tactically~*~*~ (stealth).
 31103 | Shoals:4 | Noticed a titan
 31116 | Shoals:4 | Killed a titan
 31126 | Shoals:4 | 31126 ||| Stepping ~*~*~tactically~*~*~ (stealth).
 31128 | Shoals:4 | 31128 ||| Stepping ~*~*~tactically~*~*~ (stealth).
 31129 | Shoals:4 | 31129 ||| Stepping ~*~*~tactically~*~*~ (stealth).
 31130 | Shoals:4 | 31130 ||| Stepping ~*~*~tactically~*~*~ (stealth).
 31148 | Shoals:4 | 31148 ||| Stepping ~*~*~tactically~*~*~ (stealth).
 31150 | Shoals:4 | 31150 ||| Stepping ~*~*~tactically~*~*~ (hiding).
 31151 | Shoals:4 | 31151 ||| Stepping ~*~*~tactically~*~*~ (hiding).
 31152 | Shoals:4 | 31152 ||| Stepping ~*~*~tactically~*~*~ (hiding).
 31220 | Shoals:4 | 31220 ||| Stepping ~*~*~tactically~*~*~ (stealth).
 31233 | Shoals:4 | 31233 ||| Stepping ~*~*~tactically~*~*~ (stealth).
 31246 | Shoals:4 | Identified the ring of Conformity {Fly Str+3 Int+4 SInv}
 31250 | Shoals:4 | Identified the +6 great sword of Floods {speed, rF++ Will+}
 31254 | Shoals:4 | Got a barnacled rune of Zot
 31361 | Shoals:4 | Found a glowing golden altar of the Shining One.
 31379 | Shoals:4 | 31379 ||| Stepping ~*~*~tactically~*~*~ (hiding).
 31496 | Shoals:4 | 31496 ||| INVOKING Heroism.
 31558 | Shoals:4 | 31558 ||| INVOKING Heroism.
 31582 | Shoals:4 | 31582 ||| READING scroll of enchant armour.
 31582 | Shoals:4 | 31582 ||| ENCHANTING +5 plate armour of fire resistance.
 31586 | Shoals:4 | Paralysed by an air elemental for 1 turns
 31662 | Shoals:4 | 31662 ||| Stepping ~*~*~tactically~*~*~ (hiding).
 31663 | Shoals:4 | 31663 ||| Stepping ~*~*~tactically~*~*~ (hiding).
 31670 | Shoals:4 | Received a gift from Okawaru
 31752 | Shoals:4 | 31752 ||| INVOKING Heroism.
 31755 | Shoals:4 | 31755 ||| Stepping ~*~*~tactically~*~*~ (hiding).
 31788 | Shoals:4 | 31788 ||| Stepping ~*~*~tactically~*~*~ (stealth).
 31789 | Shoals:4 | 31789 ||| Stepping ~*~*~tactically~*~*~ (stealth).
 31790 | Shoals:4 | 31790 ||| Stepping ~*~*~tactically~*~*~ (stealth).
 31791 | Shoals:4 | 31791 ||| Stepping ~*~*~tactically~*~*~ (stealth).
 31799 | Shoals:4 | 31799 ||| Stepping ~*~*~tactically~*~*~ (stealth).
 31800 | Shoals:4 | 31800 ||| Stepping ~*~*~tactically~*~*~ (stealth).
 31801 | Shoals:4 | 31801 ||| Stepping ~*~*~tactically~*~*~ (stealth).
 31802 | Shoals:4 | 31802 ||| Stepping ~*~*~tactically~*~*~ (stealth).
 32031 | Shoals:4 | 32031 ||| PLANNING VAULTS:1-4
 32031 | Shoals:4 | 32031 ||| UPGRADING to ring of Conformity {Fly Str+3 Int+4
                  | SInv}.
 32033 | Shoals:4 | 32033 ||| UPGRADING to +5 ring of evasion.
 32251 | Vaults:1 | Entered Level 1 of the Vaults
 32252 | Vaults:1 | 32252 ||| PLANNING DESOLATION
 32426 | Vaults:1 | 32426 ||| Stepping ~*~*~tactically~*~*~ (hiding).
 32502 | Vaults:1 | 32502 ||| INVOKING Heroism.
 32634 | Vaults:1 | 32634 ||| Stepping ~*~*~tactically~*~*~ (hiding).
 32785 | Vaults:1 | 32785 ||| INVOKING Heroism.
 32793 | Vaults:1 | Reached XP level 19. HP: 51/128 MP: 24/26
 32839 | Vaults:1 | 32839 ||| Stepping ~*~*~tactically~*~*~ (stealth).
 32848 | Vaults:1 | 32848 ||| Stepping ~*~*~tactically~*~*~ (stealth).
 32849 | Vaults:1 | 32849 ||| Stepping ~*~*~tactically~*~*~ (stealth).
 32850 | Vaults:1 | 32850 ||| INVOKING Finesse.
 32992 | Vaults:1 | 32992 ||| Stepping ~*~*~tactically~*~*~ (stealth).
 33008 | Vaults:1 | 33008 ||| RIP DESOLATION
 33013 | Vaults:1 | 33013 ||| PLANNING VAULTS:1-4
 33013 | Vaults:1 | 33013 ||| Stepping ~*~*~tactically~*~*~ (hiding).
 33086 | Vaults:1 | 33086 ||| INVOKING Heroism.
 33087 | Vaults:1 | Received a gift from Okawaru
 33090 | Vaults:1 | Reached skill level 18 in Fighting
 33108 | Vaults:1 | Received a gift from Okawaru
 33530 | Vaults:1 | 33530 ||| Stepping ~*~*~tactically~*~*~ (stealth).
 33604 | Vaults:1 | 33604 ||| INVOKING Heroism.
 33669 | Vaults:1 | 33669 ||| INVOKING Heroism.
 33673 | Vaults:1 | Received a gift from Okawaru
 33798 | Vaults:1 | 33798 ||| Stepping ~*~*~tactically~*~*~ (stealth).
 33834 | Vaults:1 | Identified the +3 kite shield "Earthly Heaven" {Str+6
                  | Stlth-}
 33834 | Vaults:1 | Noticed Asterion
 33835 | Vaults:1 | 33835 ||| INVOKING Heroism.
 33836 | Vaults:1 | 33836 ||| INVOKING Finesse.
 33843 | Vaults:1 | Killed Asterion
 33845 | Vaults:1 | 33845 ||| Stepping ~*~*~tactically~*~*~ (hiding).
 34026 | Vaults:1 | 34026 ||| SWAPPING to +2 spectral broad axe.
 34027 | Vaults:1 | 34027 ||| DROPPING +3 spectral war axe.
 34141 | Vaults:1 | 34141 ||| Stepping ~*~*~tactically~*~*~ (hiding).
 34535 | Vaults:1 | 34535 ||| DROPPING +1 buckler of the Crypt {rC+ rN+ SInv}.
 34536 | Vaults:1 | 34536 ||| UPGRADING to +3 kite shield "Earthly Heaven"
                  | {Str+6 Stlth-}.
 34546 | Vaults:1 | 34546 ||| DROPPING +0 kite shield.
 34630 | Vaults:2 | 34630 ||| FLEEEEING.
 34631 | Vaults:2 | 34631 ||| FLEEEEING.
 34632 | Vaults:2 | 34632 ||| FLEEEEING.
 34633 | Vaults:2 | 34633 ||| FLEEEEING.
 34634 | Vaults:2 | 34634 ||| FLEEEEING.
 34646 | Vaults:2 | 34646 ||| FLEEEEING.
 34647 | Vaults:2 | 34647 ||| STAIRDANCE
 34722 | Vaults:2 | Received a gift from Okawaru
 34779 | Vaults:2 | 34779 ||| Stepping ~*~*~tactically~*~*~ (stealth).
 34781 | Vaults:2 | 34781 ||| Stepping ~*~*~tactically~*~*~ (hiding).
 34864 | Vaults:2 | Found a transporter.
 34887 | Vaults:2 | Found a transporter.
 34890 | Vaults:2 | Noticed qw's ghost (adept GrFi)
 34938 | Vaults:2 | 34938 ||| INVOKING Heroism.
 35121 | Vaults:2 | 35121 ||| INVOKING Heroism.
 35213 | Vaults:2 | Identified the +8 sling of the Slime-mould {flame, rPois}
 35234 | Vaults:2 | 35234 ||| Stepping ~*~*~tactically~*~*~ (hiding).
 35235 | Vaults:2 | 35235 ||| Stepping ~*~*~tactically~*~*~ (hiding).
 35237 | Vaults:2 | 35237 ||| Stepping ~*~*~tactically~*~*~ (hiding).
 35303 | Vaults:2 | 35303 ||| FLEEEEING.
 35308 | Vaults:2 | 35308 ||| FLEEEEING.
 35309 | Vaults:2 | 35309 ||| FLEEEEING.
 35311 | Vaults:2 | 35311 ||| FLEEEEING.
 35313 | Vaults:2 | 35313 ||| FLEEEEING.
 35317 | Vaults:2 | 35317 ||| FLEEEEING.
 35319 | Vaults:2 | 35319 ||| FLEEEEING.
 35321 | Vaults:2 | 35321 ||| FLEEEEING.
 35459 | Vaults:2 | 35459 ||| FLEEEEING.
 35460 | Vaults:2 | 35460 ||| FLEEEEING.
 35461 | Vaults:2 | 35461 ||| FLEEEEING.
 35464 | Vaults:2 | 35464 ||| FLEEEEING.
 35465 | Vaults:2 | 35465 ||| FLEEEEING.
 35466 | Vaults:2 | 35466 ||| FLEEEEING.
 35467 | Vaults:2 | 35467 ||| FLEEEEING.
 35468 | Vaults:2 | 35468 ||| FLEEEEING.
 35472 | Vaults:2 | 35472 ||| FLEEEEING.
 35473 | Vaults:2 | 35473 ||| FLEEEEING.
 35474 | Vaults:2 | 35474 ||| FLEEEEING.
 35475 | Vaults:2 | 35475 ||| FLEEEEING.
 35476 | Vaults:2 | 35476 ||| FLEEEEING.
 35477 | Vaults:2 | 35477 ||| FLEEEEING.
 35478 | Vaults:2 | 35478 ||| FLEEEEING.
 35479 | Vaults:2 | 35479 ||| FLEEEEING.
 35480 | Vaults:2 | 35480 ||| FLEEEEING.
 35481 | Vaults:2 | 35481 ||| FLEEEEING.
 35482 | Vaults:2 | 35482 ||| FLEEEEING.
 35483 | Vaults:2 | 35483 ||| FLEEEEING.
 35484 | Vaults:2 | 35484 ||| FLEEEEING.
 35485 | Vaults:2 | 35485 ||| FLEEEEING.
 35486 | Vaults:2 | 35486 ||| FLEEEEING.
 35487 | Vaults:2 | 35487 ||| FLEEEEING.
 35488 | Vaults:2 | 35488 ||| FLEEEEING.
 35489 | Vaults:2 | 35489 ||| FLEEEEING.
 35490 | Vaults:2 | 35490 ||| FLEEEEING.
 35492 | Vaults:2 | 35492 ||| FLEEEEING.
 35494 | Vaults:2 | 35494 ||| FLEEEEING.
 35496 | Vaults:2 | 35496 ||| FLEEEEING.
 35498 | Vaults:2 | 35498 ||| FLEEEEING.
 35500 | Vaults:2 | 35500 ||| FLEEEEING.
 35511 | Vaults:2 | 35511 ||| FLEEEEING.
 35512 | Vaults:2 | 35512 ||| FLEEEEING.
 35517 | Vaults:2 | 35517 ||| FLEEEEING.
 35519 | Vaults:2 | 35519 ||| INVOKING Heroism.
 35524 | Vaults:2 | Received a gift from Okawaru
 35999 | Vaults:2 | 35999 ||| INVOKING Heroism.
 36000 | Vaults:2 | 36000 ||| INVOKING Finesse.
 36177 | Vaults:2 | 36177 ||| Stepping ~*~*~tactically~*~*~ (hiding).
 36179 | Vaults:2 | 36179 ||| Stepping ~*~*~tactically~*~*~ (stealth).
 36256 | Vaults:2 | 36256 ||| Stepping ~*~*~tactically~*~*~ (stealth).
 36462 | Vaults:2 | 36462 ||| Stepping ~*~*~tactically~*~*~ (hiding).
 36660 | Vaults:3 | 36660 ||| Stepping ~*~*~tactically~*~*~ (hiding).
 36743 | Vaults:3 | Reached XP level 20. HP: 133/136 MP: 27/27
 36744 | Vaults:3 | Received a gift from Okawaru
 36955 | Vaults:3 | Reached skill level 18 in Axes
 36955 | Vaults:3 | 36955 ||| FLEEEEING.
 36956 | Vaults:3 | 36956 ||| STAIRDANCE
 37054 | Vaults:3 | Received a gift from Okawaru
 37199 | Vaults:3 | 37199 ||| Stepping ~*~*~tactically~*~*~ (hiding).
 37401 | Vaults:3 | 37401 ||| INVOKING Heroism.
 37415 | Vaults:3 | 37415 ||| Stepping ~*~*~tactically~*~*~ (stealth).
 37420 | Vaults:3 | Found a staircase to the Crypt.
 37428 | Vaults:3 | 37428 ||| Stepping ~*~*~tactically~*~*~ (hiding).
 37429 | Vaults:3 | 37429 ||| Stepping ~*~*~tactically~*~*~ (hiding).
 37435 | Vaults:3 | 37435 ||| INVOKING Heroism.
 37440 | Vaults:3 | 37440 ||| Stepping ~*~*~tactically~*~*~ (hiding).
 37442 | Vaults:3 | 37442 ||| Stepping ~*~*~tactically~*~*~ (hiding).
 37443 | Vaults:3 | 37443 ||| Stepping ~*~*~tactically~*~*~ (hiding).
 37444 | Vaults:3 | 37444 ||| Stepping ~*~*~tactically~*~*~ (hiding).
 37454 | Vaults:3 | 37454 ||| FLEEEEING.
 37455 | Vaults:3 | 37455 ||| FLEEEEING.
 37456 | Vaults:3 | 37456 ||| FLEEEEING.
 37457 | Vaults:3 | 37457 ||| FLEEEEING.
 37458 | Vaults:3 | 37458 ||| FLEEEEING.
 37459 | Vaults:3 | 37459 ||| FLEEEEING.
 37460 | Vaults:3 | 37460 ||| FLEEEEING.
 37461 | Vaults:3 | 37461 ||| FLEEEEING.
 37462 | Vaults:3 | 37462 ||| FLEEEEING.
 37463 | Vaults:3 | 37463 ||| FLEEEEING.
 37464 | Vaults:3 | 37464 ||| FLEEEEING.
 37465 | Vaults:3 | 37465 ||| FLEEEEING.
 37466 | Vaults:3 | 37466 ||| FLEEEEING.
 37467 | Vaults:3 | 37467 ||| FLEEEEING.
 37468 | Vaults:3 | 37468 ||| FLEEEEING.
 37469 | Vaults:3 | 37469 ||| FLEEEEING.
 37470 | Vaults:3 | 37470 ||| FLEEEEING.
 37471 | Vaults:3 | 37471 ||| FLEEEEING.
 37472 | Vaults:3 | 37472 ||| FLEEEEING.
 37473 | Vaults:3 | 37473 ||| FLEEEEING.
 37474 | Vaults:3 | 37474 ||| FLEEEEING.
 37475 | Vaults:3 | 37475 ||| FLEEEEING.
 37476 | Vaults:3 | 37476 ||| FLEEEEING.
 37477 | Vaults:3 | 37477 ||| FLEEEEING.
 37478 | Vaults:3 | 37478 ||| FLEEEEING.
 37479 | Vaults:3 | 37479 ||| FLEEEEING.
 37480 | Vaults:3 | 37480 ||| FLEEEEING.
 37481 | Vaults:3 | 37481 ||| FLEEEEING.
 37482 | Vaults:3 | 37482 ||| FLEEEEING.
 37483 | Vaults:3 | 37483 ||| FLEEEEING.
 37484 | Vaults:3 | 37484 ||| FLEEEEING.
 37485 | Vaults:3 | 37485 ||| FLEEEEING.
 37486 | Vaults:3 | 37486 ||| FLEEEEING.
 37487 | Vaults:3 | 37487 ||| FLEEEEING.
 37488 | Vaults:3 | 37488 ||| FLEEEEING.
 37489 | Vaults:3 | 37489 ||| FLEEEEING.
 37490 | Vaults:3 | 37490 ||| FLEEEEING.
 37491 | Vaults:3 | 37491 ||| FLEEEEING.
 37492 | Vaults:3 | 37492 ||| FLEEEEING.
 37493 | Vaults:3 | 37493 ||| FLEEEEING.
 37494 | Vaults:3 | 37494 ||| FLEEEEING.
 37495 | Vaults:3 | 37495 ||| FLEEEEING.
 37496 | Vaults:3 | 37496 ||| FLEEEEING.
 37503 | Vaults:3 | 37503 ||| INVOKING Heroism.
 37504 | Vaults:3 | 37504 ||| INVOKING Finesse.
 37515 | Vaults:3 | Reached skill level 19 in Fighting
 37518 | Vaults:3 | Received a gift from Okawaru
 37785 | Vaults:3 | 37785 ||| Stepping ~*~*~tactically~*~*~ (stealth).
 37863 | Vaults:3 | 37863 ||| READING scroll of enchant armour.
 37863 | Vaults:3 | 37863 ||| ENCHANTING +6 plate armour of fire resistance.
 37868 | Vaults:3 | Found Quniecs's Antique Armour Shoppe.
 37985 | Vaults:3 | Identified the +1 leather armour of the Stone Wall {Will+
                  | Int+3 Dex+2}
 37996 | Vaults:3 | Identified the ring "Niriustia" {Fire rN+ Str+3}
 38064 | Vaults:3 | Found a runed translucent gate.
 38065 | Vaults:3 | Found a runed translucent gate.
 38065 | Vaults:3 | Found a runed translucent gate.
 38067 | Vaults:3 | Noticed HilariousDeathArtist's ghost (adept CeWn)
 38067 | Vaults:3 | Noticed corvin's ghost (veteran TrBe)
 38095 | Vaults:3 | 38095 ||| Stepping ~*~*~tactically~*~*~ (stealth).
 38174 | Vaults:3 | 38174 ||| DROPPING ring of fire.
 38215 | Vaults:4 | 38215 ||| READING scroll of enchant weapon.
 38215 | Vaults:4 | 38215 ||| ENCHANTING +2 spectral broad axe.
 38375 | Vaults:4 | Found a portal to a secret trove of treasure.
 38505 | Vaults:4 | 38505 ||| Stepping ~*~*~tactically~*~*~ (hiding).
 38591 | Vaults:4 | 38591 ||| Stepping ~*~*~tactically~*~*~ (stealth).
 38597 | Vaults:4 | Received a gift from Okawaru
 38860 | Vaults:4 | 38860 ||| READING scroll of enchant armour.
 38860 | Vaults:4 | 38860 ||| ENCHANTING +7 plate armour of fire resistance.
 38881 | Vaults:4 | 38881 ||| Stepping ~*~*~tactically~*~*~ (hiding).
 38887 | Vaults:4 | 38887 ||| Stepping ~*~*~tactically~*~*~ (hiding).
 38888 | Vaults:4 | 38888 ||| FLEEEEING.
 38889 | Vaults:4 | 38889 ||| FLEEEEING.
 38890 | Vaults:4 | 38890 ||| FLEEEEING.
 38891 | Vaults:4 | 38891 ||| FLEEEEING.
 38892 | Vaults:4 | 38892 ||| FLEEEEING.
 38893 | Vaults:4 | 38893 ||| FLEEEEING.
 38894 | Vaults:4 | 38894 ||| FLEEEEING.
 38895 | Vaults:4 | 38895 ||| FLEEEEING.
 38896 | Vaults:4 | 38896 ||| FLEEEEING.
 38897 | Vaults:4 | 38897 ||| FLEEEEING.
 38898 | Vaults:4 | 38898 ||| FLEEEEING.
 38899 | Vaults:4 | 38899 ||| FLEEEEING.
 38900 | Vaults:4 | 38900 ||| FLEEEEING.
 38901 | Vaults:4 | 38901 ||| FLEEEEING.
 39159 | Vaults:4 | 39159 ||| Stepping ~*~*~tactically~*~*~ (stealth).
 39174 | Vaults:4 | Reached skill level 18 in Armour
 39285 | Vaults:4 | Received a gift from Okawaru
 39371 | Vaults:4 | 39371 ||| Stepping ~*~*~tactically~*~*~ (hiding).
 39500 | Vaults:4 | 39500 ||| Stepping ~*~*~tactically~*~*~ (stealth).
 39503 | Vaults:4 | 39503 ||| Stepping ~*~*~tactically~*~*~ (hiding).
 39521 | Vaults:4 | 39521 ||| Stepping ~*~*~tactically~*~*~ (hiding).
 39571 | Vaults:4 | 39571 ||| FLEEEEING.
 39572 | Vaults:4 | 39572 ||| FLEEEEING.
 39573 | Vaults:4 | 39573 ||| Stepping ~*~*~tactically~*~*~ (hiding).
 39574 | Vaults:4 | 39574 ||| FLEEEEING.
 39580 | Vaults:4 | 39580 ||| FLEEEEING.
 39581 | Vaults:4 | 39581 ||| FLEEEEING.
 39582 | Vaults:4 | 39582 ||| FLEEEEING.
 39583 | Vaults:4 | 39583 ||| FLEEEEING.
 39584 | Vaults:4 | 39584 ||| FLEEEEING.
 39585 | Vaults:4 | 39585 ||| FLEEEEING.
 39586 | Vaults:4 | 39586 ||| FLEEEEING.
 39587 | Vaults:4 | 39587 ||| FLEEEEING.
 39588 | Vaults:4 | 39588 ||| FLEEEEING.
 39589 | Vaults:4 | 39589 ||| FLEEEEING.
 39590 | Vaults:4 | 39590 ||| FLEEEEING.
 39591 | Vaults:4 | 39591 ||| FLEEEEING.
 39592 | Vaults:4 | 39592 ||| FLEEEEING.
 39598 | Vaults:4 | 39598 ||| FLEEEEING.
 39599 | Vaults:4 | 39599 ||| FLEEEEING.
 39600 | Vaults:4 | 39600 ||| FLEEEEING.
 39601 | Vaults:4 | 39601 ||| FLEEEEING.
 39602 | Vaults:4 | 39602 ||| FLEEEEING.
 39603 | Vaults:4 | 39603 ||| FLEEEEING.
 39604 | Vaults:4 | 39604 ||| FLEEEEING.
 39605 | Vaults:4 | 39605 ||| FLEEEEING.
 39606 | Vaults:4 | 39606 ||| FLEEEEING.
 39607 | Vaults:4 | 39607 ||| FLEEEEING.
 39608 | Vaults:4 | 39608 ||| FLEEEEING.
 39609 | Vaults:4 | 39609 ||| FLEEEEING.
 39610 | Vaults:4 | 39610 ||| FLEEEEING.
 39611 | Vaults:4 | 39611 ||| FLEEEEING.
 39612 | Vaults:4 | 39612 ||| FLEEEEING.
 39613 | Vaults:4 | 39613 ||| FLEEEEING.
 39614 | Vaults:4 | 39614 ||| FLEEEEING.
 39615 | Vaults:4 | 39615 ||| FLEEEEING.
 39616 | Vaults:4 | 39616 ||| FLEEEEING.
 39617 | Vaults:4 | 39617 ||| FLEEEEING.
 39618 | Vaults:4 | 39618 ||| FLEEEEING.
 39624 | Vaults:4 | 39624 ||| FLEEEEING.
 39625 | Vaults:4 | 39625 ||| FLEEEEING.
 39626 | Vaults:4 | 39626 ||| FLEEEEING.
 39631 | Vaults:4 | 39631 ||| STAIRDANCE
 39951 | Vaults:4 | 39951 ||| Stepping ~*~*~tactically~*~*~ (stealth).
 40016 | Vaults:4 | Reached ****** piety under Okawaru
 40041 | Vaults:4 | Reached skill level 6 in Dodging
 40101 | Vaults:4 | 40101 ||| PLANNING SPIDER:4
 40496 | Spider:4 | Entered Level 4 of the Spider Nest
 40590 | Spider:4 | Received a gift from Okawaru
 40594 | Spider:4 | 40594 ||| Stepping ~*~*~tactically~*~*~ (stealth).
 40722 | Spider:4 | 40722 ||| READING scroll of enchant weapon.
 40722 | Spider:4 | 40722 ||| ENCHANTING +3 spectral broad axe.
 40740 | Spider:4 | 40740 ||| Stepping ~*~*~tactically~*~*~ (stealth).
 40753 | Spider:4 | Reached XP level 21. HP: 129/144 MP: 28/28
 41162 | Spider:4 | 41162 ||| DROPPING scarf of repulsion.
 41464 | Spider:4 | 41464 ||| INVOKING Heroism.
 41471 | Spider:4 | Reached skill level 20 in Fighting
 41480 | Spider:4 | 41480 ||| Stepping ~*~*~tactically~*~*~ (stealth).
 41483 | Spider:4 | 41483 ||| INVOKING Finesse.
 41566 | Spider:4 | 41566 ||| INVOKING Heroism.
 41770 | Spider:4 | Got a gossamer rune of Zot
 41847 | Spider:4 | 41847 ||| PLANNING DEPTHS
 41847 | Spider:4 | 41847 ||| DROPPING scarf of harm.
 41848 | Spider:4 | 41848 ||| DROPPING +2 hat.
 42472 | Depths:1 | Entered Level 1 of the Depths
 42473 | Depths:1 | 42473 ||| PLANNING WIZLAB
 42486 | Depths:1 | 42486 ||| Stepping ~*~*~tactically~*~*~ (hiding).
 42499 | Depths:1 | 42499 ||| INVOKING Heroism.
 42500 | Depths:1 | 42500 ||| INVOKING Finesse.
 42534 | Depths:1 | Received a gift from Okawaru
 42631 | Depths:1 | 42631 ||| Stepping ~*~*~tactically~*~*~ (hiding).
 42760 | Depths:1 | 42760 ||| INVOKING Heroism.
 42774 | Depths:1 | 42774 ||| Stepping ~*~*~tactically~*~*~ (stealth).
 42775 | Depths:1 | 42775 ||| INVOKING Finesse.
 42783 | Depths:1 | 42783 ||| Stepping ~*~*~tactically~*~*~ (stealth).
 42793 | Depths:1 | 42793 ||| Stepping ~*~*~tactically~*~*~ (stealth).
 42805 | Depths:1 | 42805 ||| Stepping ~*~*~tactically~*~*~ (hiding).
 42822 | Depths:1 | 42822 ||| Stepping ~*~*~tactically~*~*~ (hiding).
 42827 | Depths:1 | Received a gift from Okawaru
 42912 | Depths:1 | Found a gateway to Hell.
 42931 | Depths:1 | 42931 ||| Stepping ~*~*~tactically~*~*~ (hiding).
 42934 | Depths:1 | 42934 ||| Stepping ~*~*~tactically~*~*~ (hiding).
 43010 | Depths:1 | 43010 ||| Stepping ~*~*~tactically~*~*~ (hiding).
 43054 | Depths:1 | 43054 ||| INVOKING Heroism.
 43055 | Depths:1 | 43055 ||| INVOKING Finesse.
 43076 | Depths:1 | 43076 ||| Stepping ~*~*~tactically~*~*~ (stealth).
 43102 | Depths:1 | 43102 ||| Stepping ~*~*~tactically~*~*~ (stealth).
 43104 | Depths:1 | 43104 ||| Stepping ~*~*~tactically~*~*~ (hiding).
 43128 | Depths:1 | 43128 ||| Stepping ~*~*~tactically~*~*~ (hiding).
 43155 | Depths:1 | 43155 ||| Stepping ~*~*~tactically~*~*~ (stealth).
 43156 | Depths:1 | 43156 ||| Stepping ~*~*~tactically~*~*~ (stealth).
 43244 | Depths:1 | 43244 ||| INVOKING Heroism.
 43245 | Depths:1 | 43245 ||| INVOKING Finesse.
 43303 | Depths:1 | 43303 ||| RIP WIZLAB
 43328 | Depths:1 | 43328 ||| PLANNING DEPTHS
 43385 | Depths:1 | 43385 ||| Stepping ~*~*~tactically~*~*~ (stealth).
 43490 | Depths:1 | Identified the +2 ring mail of Untold Secrets {rC+}
 43571 | Depths:1 | 43571 ||| Stepping ~*~*~tactically~*~*~ (stealth).
 43722 | Depths:1 | 43722 ||| DROPPING +2 pearl dragon scales.
 43740 | Depths:2 | Found a one-way gate to the infinite horrors of the Abyss.
 43808 | Depths:2 | Found a one-way gate leading to the halls of Pandemonium.
 43826 | Depths:2 | 43826 ||| INVOKING Finesse.
 43909 | Depths:2 | 43909 ||| INVOKING Heroism.
 43947 | Depths:2 | 43947 ||| Stepping ~*~*~tactically~*~*~ (stealth).
 43951 | Depths:2 | Reached skill level 21 in Fighting
 43960 | Depths:2 | Reached skill level 18 in Shields
 44181 | Depths:2 | 44181 ||| FLEEEEING.
 44182 | Depths:2 | 44182 ||| FLEEEEING.
 44183 | Depths:2 | 44183 ||| FLEEEEING.
 44184 | Depths:2 | 44184 ||| FLEEEEING.
 44185 | Depths:2 | 44185 ||| FLEEEEING.
 44199 | Depths:2 | 44199 ||| FLEEEEING.
 44200 | Depths:2 | 44200 ||| FLEEEEING.
 44201 | Depths:2 | 44201 ||| FLEEEEING.
 44202 | Depths:2 | 44202 ||| FLEEEEING.
 44203 | Depths:2 | 44203 ||| FLEEEEING.
 44204 | Depths:2 | 44204 ||| FLEEEEING.
 44205 | Depths:2 | 44205 ||| FLEEEEING.
 44206 | Depths:2 | 44206 ||| FLEEEEING.
 44207 | Depths:2 | 44207 ||| FLEEEEING.
 44208 | Depths:2 | 44208 ||| FLEEEEING.
 44209 | Depths:2 | 44209 ||| FLEEEEING.
 44210 | Depths:2 | 44210 ||| FLEEEEING.
 44211 | Depths:2 | 44211 ||| FLEEEEING.
 44212 | Depths:2 | 44212 ||| STAIRDANCE
 44323 | Depths:2 | Noticed a caustic shrike
 44324 | Depths:2 | 44324 ||| INVOKING Heroism.
 44330 | Depths:2 | Killed a caustic shrike
 44394 | Depths:2 | Noticed a caustic shrike
 44396 | Depths:2 | 44396 ||| INVOKING Heroism.
 44400 | Depths:2 | Killed a caustic shrike
 44401 | Depths:2 | Reached XP level 22. HP: 88/155 MP: 26/29
 44427 | Depths:2 | 44427 ||| FLEEEEING.
 44428 | Depths:2 | 44428 ||| INVOKING Heroism.
 44639 | Depths:2 | Identified the ring of Harmony {Str+6 Stlth+}
 44742 | Depths:2 | 44742 ||| INVOKING Heroism.
 44788 | Depths:2 | 44788 ||| Stepping ~*~*~tactically~*~*~ (stealth).
 44790 | Depths:2 | 44790 ||| Stepping ~*~*~tactically~*~*~ (hiding).
 44798 | Depths:2 | Reached skill level 12 in Throwing
 44969 | Depths:2 | Found a hazy altar of Hepliaklqana.
 45059 | Depths:2 | Found a transporter.
 45062 | Depths:2 | 45062 ||| DROPPING ring of Harmony {Str+6 Stlth+}.
 45147 | Depths:2 | Found a transporter.
 45225 | Depths:3 | 45225 ||| Stepping ~*~*~tactically~*~*~ (stealth).
 45227 | Depths:3 | 45227 ||| Stepping ~*~*~tactically~*~*~ (stealth).
 45429 | Depths:3 | Found a one-way gateway to a ziggurat.
 45430 | Depths:3 | 45430 ||| INVOKING Heroism.
 45503 | Depths:3 | 45503 ||| INVOKING Heroism.
 45644 | Depths:3 | 45644 ||| Stepping ~*~*~tactically~*~*~ (hiding).
 45645 | Depths:3 | 45645 ||| Stepping ~*~*~tactically~*~*~ (hiding).
 45646 | Depths:3 | 45646 ||| Stepping ~*~*~tactically~*~*~ (hiding).
 45647 | Depths:3 | 45647 ||| Stepping ~*~*~tactically~*~*~ (hiding).
 45747 | Depths:3 | 45747 ||| Stepping ~*~*~tactically~*~*~ (stealth).
 45759 | Depths:3 | Noticed a juggernaut
 45759 | Depths:3 | Noticed a caustic shrike
 45759 | Depths:3 | Noticed a caustic shrike
 45759 | Depths:3 | Noticed a golden dragon
 45759 | Depths:3 | Noticed a caustic shrike
 45760 | Depths:3 | 45760 ||| INVOKING Heroism.
 45760 | Depths:3 | Noticed a caustic shrike
 45761 | Depths:3 | Noticed a caustic shrike
 45767 | Depths:3 | Killed a juggernaut
 45770 | Depths:3 | Killed a caustic shrike
 45775 | Depths:3 | Killed a caustic shrike
 45776 | Depths:3 | 45776 ||| INVOKING Finesse.
 45779 | Depths:3 | HP: 33/155 [acid (9)]
 45780 | Depths:3 | 45780 ||| READING 18 scrolls of teleportation.
 45781 | Depths:3 | 45781 ||| DRINKING 5 potions of heal wounds.
 45781 | Depths:3 | HP: 6/155 [frost giant/bolt of cold (25)]
 45782 | Depths:3 | 45782 ||| DRINKING 4 potions of heal wounds.
 45814 | Depths:3 | 45814 ||| INVOKING Heroism.
 45826 | Depths:3 | Killed a caustic shrike
 45965 | Depths:3 | 45965 ||| INVOKING Heroism.
 45970 | Depths:3 | Killed a golden dragon
 45970 | Depths:3 | Received a gift from Okawaru
 46085 | Depths:3 | 46085 ||| INVOKING Heroism.
 46109 | Depths:3 | Found a radiant altar of Vehumet.
 46179 | Depths:3 | 46179 ||| Stepping ~*~*~tactically~*~*~ (stealth).
 46180 | Depths:3 | 46180 ||| Stepping ~*~*~tactically~*~*~ (stealth).
 46183 | Depths:3 | 46183 ||| Stepping ~*~*~tactically~*~*~ (hiding).
 46202 | Depths:3 | 46202 ||| Stepping ~*~*~tactically~*~*~ (stealth).
 46207 | Depths:3 | 46207 ||| Stepping ~*~*~tactically~*~*~ (stealth).
 46215 | Depths:3 | 46215 ||| INVOKING Heroism.
 46218 | Depths:3 | Killed a caustic shrike
 46280 | Depths:3 | Received a gift from Okawaru
 46315 | Depths:3 | Noticed a golden dragon
 46316 | Depths:3 | 46316 ||| INVOKING Heroism.
 46325 | Depths:3 | Killed a golden dragon
 46330 | Depths:3 | 46330 ||| Stepping ~*~*~tactically~*~*~ (hiding).
 46361 | Depths:3 | 46361 ||| Stepping ~*~*~tactically~*~*~ (stealth).
 46415 | Depths:3 | Identified the ring of Spite {rCorr Dex+6 Slay+3 Stlth+}
 46450 | Depths:3 | 46450 ||| INVOKING Heroism.
 46483 | Depths:3 | 46483 ||| Stepping ~*~*~tactically~*~*~ (hiding).
 46533 | Depths:3 | 46533 ||| Stepping ~*~*~tactically~*~*~ (stealth).
 46560 | Depths:3 | 46560 ||| Stepping ~*~*~tactically~*~*~ (hiding).
 46567 | Depths:3 | 46567 ||| Stepping ~*~*~tactically~*~*~ (hiding).
 46571 | Depths:3 | 46571 ||| INVOKING Heroism.
 46703 | Depths:3 | Paralysed by a sphinx for 5 turns
 46747 | Depths:3 | 46747 ||| INVOKING Heroism.
 46755 | Depths:3 | Killed a caustic shrike
 46944 | Depths:3 | Received a gift from Okawaru
 47013 | Depths:3 | 47013 ||| Stepping ~*~*~tactically~*~*~ (stealth).
 47015 | Depths:3 | 47015 ||| Stepping ~*~*~tactically~*~*~ (hiding).
 47226 | Depths:3 | 47226 ||| Stepping ~*~*~tactically~*~*~ (stealth).
 47228 | Depths:3 | 47228 ||| Stepping ~*~*~tactically~*~*~ (stealth).
 47238 | Depths:3 | Reached skill level 22 in Fighting
 47338 | Depths:3 | 47338 ||| UPGRADING to ring of Spite {rCorr Dex+6 Slay+3
                  | Stlth+}.
 47340 | Depths:3 | 47340 ||| DROPPING ring "Hiethofe" {rN+ Slay+4}.
 47341 | Depths:3 | 47341 ||| UPGRADING to ring of Conformity {Fly Str+3 Int+4
                  | SInv}.
 47380 | Depths:4 | Entered Level 4 of the Depths
 47464 | Depths:4 | 47464 ||| Stepping ~*~*~tactically~*~*~ (hiding).
 47469 | Depths:4 | 47469 ||| Stepping ~*~*~tactically~*~*~ (hiding).
 47476 | Depths:4 | 47476 ||| Stepping ~*~*~tactically~*~*~ (hiding).
 47478 | Depths:4 | 47478 ||| Stepping ~*~*~tactically~*~*~ (hiding).
 47529 | Depths:4 | 47529 ||| INVOKING Heroism.
 47824 | Depths:4 | 47824 ||| INVOKING Heroism.
 47824 | Depths:4 | Noticed a golden dragon
 47831 | Depths:4 | Noticed a golden dragon
 47839 | Depths:4 | Killed a golden dragon
 47840 | Depths:4 | Reached XP level 23. HP: 100/162 MP: 30/30
 47843 | Depths:4 | 47843 ||| DROPPING +0 cloak of stealth.
 47845 | Depths:4 | 47845 ||| Stepping ~*~*~tactically~*~*~ (hiding).
 47849 | Depths:4 | 47849 ||| Stepping ~*~*~tactically~*~*~ (hiding).
 47858 | Depths:4 | Reached skill level 9 in Dodging
 47858 | Depths:4 | 47858 ||| INVOKING Finesse.
 47863 | Depths:4 | Killed a golden dragon
 47865 | Depths:4 | HP: 23/162 [yellow draconian annihilator/crystal spear
                  | (34)]
 47866 | Depths:4 | 47866 ||| READING 19 scrolls of teleportation.
 47867 | Depths:4 | 47867 ||| DRINKING 3 potions of heal wounds.
 47868 | Depths:4 | 47868 ||| DRINKING 2 potions of heal wounds.
 47869 | Depths:4 | 47869 ||| DRINKING potion of heal wounds.
 48102 | Depths:4 | 48102 ||| INVOKING Heroism.
 48156 | Depths:4 | 48156 ||| Stepping ~*~*~tactically~*~*~ (hiding).
 48278 | Depths:4 | Found the +0 pair of fencer's gloves {Riposte Dex+3}
 48283 | Depths:4 | 48283 ||| INVOKING Heroism.
 48293 | Depths:4 | Received a gift from Okawaru
 48357 | Depths:4 | 48357 ||| Stepping ~*~*~tactically~*~*~ (stealth).
 48514 | Depths:4 | 48514 ||| Stepping ~*~*~tactically~*~*~ (hiding).
 48515 | Depths:4 | Noticed a golden dragon
 48516 | Depths:4 | 48516 ||| Stepping ~*~*~tactically~*~*~ (hiding).
 48517 | Depths:4 | 48517 ||| Stepping ~*~*~tactically~*~*~ (hiding).
 48518 | Depths:4 | 48518 ||| Stepping ~*~*~tactically~*~*~ (hiding).
 48520 | Depths:4 | 48520 ||| INVOKING Heroism.
 48525 | Depths:4 | Killed a golden dragon
 48526 | Depths:4 | 48526 ||| Stepping ~*~*~tactically~*~*~ (hiding).
 48527 | Depths:4 | 48527 ||| Stepping ~*~*~tactically~*~*~ (hiding).
 48528 | Depths:4 | 48528 ||| Stepping ~*~*~tactically~*~*~ (hiding).
 48649 | Depths:4 | 48649 ||| READING scroll of acquirement.
 48649 | Depths:4 | 48649 ||| ACQUIRING ring of the Scarab {Ice rN+ Int+3}
 48649 | Depths:4 | Acquired the ring of the Scarab {Ice rN+ Int+3}
 48658 | Depths:4 | Received a gift from Okawaru
 48659 | Depths:4 | 48659 ||| FLEEEEING.
 48663 | Depths:4 | 48663 ||| FLEEEEING.
 48667 | Depths:4 | 48667 ||| FLEEEEING.
 48668 | Depths:4 | 48668 ||| FLEEEEING.
 48678 | Depths:4 | 48678 ||| FLEEEEING.
 48679 | Depths:4 | 48679 ||| FLEEEEING.
 48680 | Depths:4 | 48680 ||| STAIRDANCE
 48772 | Depths:4 | 48772 ||| Stepping ~*~*~tactically~*~*~ (stealth).
 48774 | Depths:4 | 48774 ||| Stepping ~*~*~tactically~*~*~ (hiding).
 48775 | Depths:4 | 48775 ||| Stepping ~*~*~tactically~*~*~ (hiding).
 48777 | Depths:4 | 48777 ||| Stepping ~*~*~tactically~*~*~ (hiding).
 48854 | Depths:4 | 48854 ||| Stepping ~*~*~tactically~*~*~ (hiding).
 48856 | Depths:4 | 48856 ||| Stepping ~*~*~tactically~*~*~ (hiding).
 48863 | Depths:4 | 48863 ||| Stepping ~*~*~tactically~*~*~ (cloud).
 48864 | Depths:4 | 48864 ||| Stepping ~*~*~tactically~*~*~ (hiding).
 48867 | Depths:4 | 48867 ||| INVOKING Heroism.
 48870 | Depths:4 | Noticed a golden dragon
 48870 | Depths:4 | Noticed a golden dragon
 48877 | Depths:4 | Killed a golden dragon
 48882 | Depths:4 | Killed a golden dragon
 48887 | Depths:4 | 48887 ||| FLEEEEING.
 48888 | Depths:4 | 48888 ||| FLEEEEING.
 48891 | Depths:4 | 48891 ||| FLEEEEING.
 48892 | Depths:4 | 48892 ||| FLEEEEING.
 48893 | Depths:4 | 48893 ||| FLEEEEING.
 48894 | Depths:4 | 48894 ||| FLEEEEING.
 48895 | Depths:4 | 48895 ||| FLEEEEING.
 48896 | Depths:4 | 48896 ||| FLEEEEING.
 48897 | Depths:4 | 48897 ||| FLEEEEING.
 48898 | Depths:4 | 48898 ||| INVOKING Heroism.
 48914 | Depths:4 | Noticed a golden dragon
 48915 | Depths:4 | 48915 ||| Stepping ~*~*~tactically~*~*~ (stealth).
 48928 | Depths:4 | Killed a golden dragon
 48929 | Depths:4 | 48929 ||| Stepping ~*~*~tactically~*~*~ (hiding).
 49017 | Depths:4 | 49017 ||| Stepping ~*~*~tactically~*~*~ (stealth).
 49019 | Depths:4 | 49019 ||| Stepping ~*~*~tactically~*~*~ (stealth).
 49124 | Depths:4 | 49124 ||| Stepping ~*~*~tactically~*~*~ (stealth).
 49127 | Depths:4 | 49127 ||| Stepping ~*~*~tactically~*~*~ (stealth).
 49132 | Depths:4 | 49132 ||| Stepping ~*~*~tactically~*~*~ (stealth).
 49133 | Depths:4 | 49133 ||| Stepping ~*~*~tactically~*~*~ (stealth).
 49134 | Depths:4 | 49134 ||| Stepping ~*~*~tactically~*~*~ (hiding).
 49340 | Depths:4 | 49340 ||| INVOKING Heroism.
 49524 | Depths:4 | 49524 ||| Stepping ~*~*~tactically~*~*~ (hiding).
 49526 | Depths:4 | 49526 ||| Stepping ~*~*~tactically~*~*~ (hiding).
 49557 | Depths:4 | Received a gift from Okawaru
 49638 | Depths:4 | Identified the +0 hand axe of the Bruised Servitors {flame,
                  | rF- rN+ Int+3 Dex+3}
 49737 | Depths:4 | Found a gate to the Realm of Zot.
 49743 | Depths:4 | Identified the +5 sling of Huzerapo {elec, +Blink rN+}
 49765 | Depths:4 | Identified the +11 shortbow of Veicakhuo {drain, rF+ rC+
                  | Will+}
 49847 | Depths:4 | 49847 ||| Stepping ~*~*~tactically~*~*~ (hiding).
 49850 | Depths:4 | 49850 ||| Stepping ~*~*~tactically~*~*~ (hiding).
 49851 | Depths:4 | 49851 ||| Stepping ~*~*~tactically~*~*~ (hiding).
 50003 | Depths:4 | Noticed a golden dragon
 50004 | Depths:4 | 50004 ||| Stepping ~*~*~tactically~*~*~ (hiding).
 50006 | Depths:4 | 50006 ||| Stepping ~*~*~tactically~*~*~ (hiding).
 50009 | Depths:4 | 50009 ||| INVOKING Heroism.
 50013 | Depths:4 | Killed a golden dragon
 50017 | Depths:4 | 50017 ||| Stepping ~*~*~tactically~*~*~ (stealth).
 50027 | Depths:4 | 50027 ||| Stepping ~*~*~tactically~*~*~ (stealth).
 50131 | Depths:4 | 50131 ||| PLANNING VAULTS:5
 50131 | Depths:4 | 50131 ||| DROPPING +2 plate armour of cold resistance.
 50430 | Vaults:5 | Entered Level 5 of the Vaults
 50431 | Vaults:5 | 50431 ||| INVOKING Heroism.
 50432 | Vaults:5 | 50432 ||| INVOKING Finesse.
 50439 | Vaults:5 | Reached skill level 21 in Armour
 50454 | Vaults:5 | Received a gift from Okawaru
 50462 | Vaults:5 | 50462 ||| STAIRDANCE
 50656 | Vaults:5 | 50656 ||| INVOKING Heroism.
 50681 | Vaults:5 | 50681 ||| INVOKING Finesse.
 50688 | Vaults:5 | Received a gift from Okawaru
 50690 | Vaults:5 | Noticed a dread lich
 50697 | Vaults:5 | Reached XP level 24. HP: 54/170 MP: 26/30
 50704 | Vaults:5 | Reached skill level 23 in Fighting
 50704 | Vaults:5 | HP: 36/171 [hellion/damnation[a dread lich] (21)]
 50704 | Vaults:5 | Killed a dread lich
 50705 | Vaults:5 | 50705 ||| READING 19 scrolls of teleportation.
 50710 | Vaults:5 | 50710 ||| STAIRDANCE
 50711 | Vaults:5 | 50711 ||| READING 18 scrolls of teleportation.
 50718 | Vaults:5 | 50718 ||| READING 17 scrolls of teleportation.
 50725 | Vaults:5 | 50725 ||| READING 16 scrolls of teleportation.
 50730 | Vaults:5 | Noticed a dread lich
 50730 | Vaults:5 | HP: 41/171 [dread lich (3)]
 50731 | Vaults:5 | 50731 ||| READING 15 scrolls of teleportation.
 50732 | Vaults:5 | 50732 ||| INVOKING Heroism.
 50737 | Vaults:5 | Killed a dread lich
 50737 | Vaults:5 | Received a gift from Okawaru
 50743 | Vaults:5 | 50743 ||| Stepping ~*~*~tactically~*~*~ (hiding).
 50753 | Vaults:5 | HP: 28/171 [deep elf high priest/damnation (20)]
 50754 | Vaults:5 | 50754 ||| READING 14 scrolls of teleportation.
 50770 | Vaults:5 | 50770 ||| READING 13 scrolls of teleportation.
 50788 | Vaults:5 | 50788 ||| READING 12 scrolls of teleportation.
 50788 | Vaults:5 | Noticed a dread lich
 50789 | Vaults:5 | 50789 ||| INVOKING Heroism.
 50790 | Vaults:5 | HP: 28/171 [ironbound frostheart/creeping frost[a vault
                  | warden] (4)]
 51092 | Vaults:5 | 51092 ||| Stepping ~*~*~tactically~*~*~ (hiding).
 51100 | Vaults:5 | 51100 ||| Stepping ~*~*~tactically~*~*~ (hiding).
 51111 | Vaults:5 | 51111 ||| Stepping ~*~*~tactically~*~*~ (stealth).
 51126 | Vaults:5 | 51126 ||| INVOKING Heroism.
 51127 | Vaults:5 | 51127 ||| INVOKING Finesse.
 51133 | Vaults:5 | Killed a dread lich
 51157 | Vaults:5 | 51157 ||| Stepping ~*~*~tactically~*~*~ (stealth).
 51171 | Vaults:5 | Received a gift from Okawaru
 51219 | Vaults:5 | 51219 ||| Stepping ~*~*~tactically~*~*~ (hiding).
 51222 | Vaults:5 | 51222 ||| Stepping ~*~*~tactically~*~*~ (hiding).
 51223 | Vaults:5 | 51223 ||| Stepping ~*~*~tactically~*~*~ (hiding).
 51257 | Vaults:5 | 51257 ||| Stepping ~*~*~tactically~*~*~ (hiding).
 51280 | Vaults:5 | 51280 ||| INVOKING Heroism.
 51284 | Vaults:5 | 51284 ||| Stepping ~*~*~tactically~*~*~ (hiding).
 51299 | Vaults:5 | 51299 ||| Stepping ~*~*~tactically~*~*~ (hiding).
 51303 | Vaults:5 | 51303 ||| INVOKING Heroism.
 51323 | Vaults:5 | Identified the ring "Juguom" {rC+ Will++ Int+3}
 51336 | Vaults:5 | Reached skill level 24 in Fighting
 51353 | Vaults:5 | 51353 ||| Stepping ~*~*~tactically~*~*~ (stealth).
 51415 | Vaults:5 | 51415 ||| INVOKING Heroism.
 51482 | Vaults:5 | 51482 ||| READING scroll of acquirement.
 51482 | Vaults:5 | 51482 ||| ACQUIRING 673 gold pieces
 51482 | Vaults:5 | Acquired 673 gold pieces
 51585 | Vaults:5 | 51585 ||| Stepping ~*~*~tactically~*~*~ (hiding).
 51651 | Vaults:5 | Received a gift from Okawaru
 51798 | Vaults:5 | 51798 ||| INVOKING Heroism.
 51808 | Vaults:5 | 51808 ||| Stepping ~*~*~tactically~*~*~ (hiding).
 51974 | Vaults:5 | Identified the +10 hand axe "Orb Guardian's Peril" {heavy,
                  | rC+ Str+6}
 51987 | Vaults:5 | Got a silver rune of Zot
 52072 | Vaults:5 | 52072 ||| Stepping ~*~*~tactically~*~*~ (hiding).
 52107 | Vaults:5 | 52107 ||| READING scroll of enchant armour.
 52107 | Vaults:5 | 52107 ||| ENCHANTING +8 plate armour of fire resistance.
 52116 | Vaults:5 | 52116 ||| INVOKING Heroism.
 52125 | Vaults:5 | Noticed a dread lich
 52126 | Vaults:5 | 52126 ||| INVOKING Finesse.
 52131 | Vaults:5 | Killed a dread lich
 52194 | Vaults:5 | 52194 ||| READING scroll of enchant weapon.
 52194 | Vaults:5 | 52194 ||| ENCHANTING +4 spectral broad axe.
 52246 | Vaults:5 | Found Plog's Armour Shoppe.
 52246 | Vaults:5 | Identified the +0 plate armour of Restlessness {rPois}
 52592 | Vaults:5 | Identified the +9 flail of the Freezing King {flame, Contam
                  | rElec rPois Int-2}
 52592 | Vaults:5 | Identified the amulet of Xom's Amusement {rPois Regen+
                  | Stlth+}
 52642 | Vaults:5 | 52642 ||| FLEEEEING.
 52643 | Vaults:5 | 52643 ||| FLEEEEING.
 52644 | Vaults:5 | 52644 ||| FLEEEEING.
 52645 | Vaults:5 | 52645 ||| FLEEEEING.
 52646 | Vaults:5 | 52646 ||| FLEEEEING.
 52647 | Vaults:5 | 52647 ||| FLEEEEING.
 52648 | Vaults:5 | 52648 ||| FLEEEEING.
 52649 | Vaults:5 | 52649 ||| FLEEEEING.
 52650 | Vaults:5 | 52650 ||| FLEEEEING.
 52656 | Vaults:5 | 52656 ||| FLEEEEING.
 52657 | Vaults:5 | 52657 ||| FLEEEEING.
 52663 | Vaults:5 | 52663 ||| FLEEEEING.
 52664 | Vaults:5 | 52664 ||| FLEEEEING.
 52665 | Vaults:5 | 52665 ||| FLEEEEING.
 52666 | Vaults:5 | 52666 ||| FLEEEEING.
 52667 | Vaults:5 | 52667 ||| FLEEEEING.
 52668 | Vaults:5 | 52668 ||| FLEEEEING.
 52674 | Vaults:5 | 52674 ||| FLEEEEING.
 52675 | Vaults:5 | 52675 ||| FLEEEEING.
 52676 | Vaults:5 | 52676 ||| FLEEEEING.
 52677 | Vaults:5 | 52677 ||| FLEEEEING.
 52678 | Vaults:5 | 52678 ||| FLEEEEING.
 52679 | Vaults:5 | 52679 ||| FLEEEEING.
 52680 | Vaults:5 | 52680 ||| FLEEEEING.
 52683 | Vaults:5 | 52683 ||| STAIRDANCE
 52785 | Vaults:4 | 52785 ||| DROPPING +0 gold dragon scales.
 52786 | Vaults:4 | 52786 ||| DROPPING +2 pair of boots of flying.
 52787 | Vaults:4 | 52787 ||| UPGRADING to ring "Juguom" {rC+ Will++ Int+3}.
 52789 | Vaults:4 | 52789 ||| DROPPING ring of protection from cold.
 52790 | Vaults:4 | 52790 ||| DROPPING ring of willpower.
 52791 | Vaults:4 | 52791 ||| DROPPING ring of magical power.
 52792 | Vaults:4 | 52792 ||| UPGRADING to ring of Spite {rCorr Dex+6 Slay+3
                  | Stlth+}.
 52796 | Vaults:5 | 52796 ||| Stepping ~*~*~tactically~*~*~ (hiding).
 52938 | Vaults:5 | Found the +3 hat of Pondering {ponderous, Will+ MP+10
                  | Int+5}
 53038 | Vaults:5 | Identified the +3 scale mail of Boasehaik {rC+}
 53039 | Vaults:5 | 53039 ||| PLANNING SHOPPING SPREE
 53039 | Vaults:5 | 53039 ||| DROPPING +1 pair of boots.
 53040 | Vaults:5 | 53040 ||| UPGRADING to ring of Conformity {Fly Str+3 Int+4
                  | SInv}.
 53445 | D:5      | 53445 ||| BUYING potion of curing (66 gold).
 53445 | D:5      | Bought a potion of curing for 66 gold pieces
 53445 | D:5      | 53445 ||| BUYING potion of curing (66 gold).
 53445 | D:5      | Bought a potion of curing for 66 gold pieces
 53567 | D:1      | 53567 ||| BUYING 2 potions of heal wounds (100 gold).
 53567 | D:1      | Bought 2 potions of heal wounds for 100 gold pieces
 53567 | D:1      | 53567 ||| BUYING 2 potions of heal wounds (100 gold).
 53567 | D:1      | Bought 2 potions of heal wounds for 100 gold pieces
 53567 | D:1      | 53567 ||| BUYING 2 potions of resistance (200 gold).
 53567 | D:1      | Bought 2 potions of resistance for 200 gold pieces
 53567 | D:1      | 53567 ||| BUYING potion of resistance (100 gold).
 53567 | D:1      | Bought a potion of resistance for 100 gold pieces
 53682 | D:5      | 53682 ||| BUYING potion of heal wounds (125 gold).
 53682 | D:5      | Bought a potion of heal wounds for 125 gold pieces
 53682 | D:5      | 53682 ||| BUYING scroll of enchant armour (187 gold).
 53682 | D:5      | Bought a scroll of enchant armour for 187 gold pieces
 53682 | D:5      | 53682 ||| READING scroll of enchant armour.
 53682 | D:5      | 53682 ||| ENCHANTING +9 plate armour of fire resistance.
 54852 | Orc:2    | 54852 ||| BUYING amulet of faith (520 gold).
 54852 | Orc:2    | Bought an amulet of faith for 520 gold pieces
 54852 | Orc:2    | 54852 ||| BUYING brooch of Shielding {Spirit SH+8} (845
                  | gold).
 54852 | Orc:2    | Bought the brooch of Shielding {Spirit SH+8} for 845 gold
                  | pieces
 54852 | Orc:2    | Found the brooch of Shielding {Spirit SH+8}
 54852 | Orc:2    | 54852 ||| UPGRADING to amulet of faith.
 54862 | Orc:2    | 54862 ||| DROPPING amulet of reflection.
 55065 | Shoals:2 | 55065 ||| BUYING amulet of Free Expression {Acrobat Fly
                  | rPois rF+++ Str-2} (741 gold).
 55065 | Shoals:2 | Bought the amulet of Free Expression {Acrobat Fly rPois
                  | rF+++ Str-2} for 741 gold pieces
 55065 | Shoals:2 | 55065 ||| BUYING ring of Light {rN+++ EV+5} (640 gold).
 55065 | Shoals:2 | Bought the ring of Light {rN+++ EV+5} for 640 gold pieces
 55065 | Shoals:2 | 55065 ||| DROPPING +5 ring of evasion.
 55066 | Shoals:2 | 55066 ||| PLANNING ZOT:1-4
 55449 | Zot:1    | Entered Level 1 of the Realm of Zot
 55458 | Zot:1    | 55458 ||| INVOKING Heroism.
 55463 | Zot:1    | Received a gift from Okawaru
 55464 | Zot:1    | HP: 32/173 [white draconian stormcaller/blast of cold[a
                  | black draconian knight] (13)]
 55465 | Zot:1    | 55465 ||| READING 12 scrolls of teleportation.
 55466 | Zot:1    | 55466 ||| DRINKING 5 potions of heal wounds.
 55469 | Zot:1    | 55469 ||| DRINKING 4 potions of heal wounds.
 55474 | Zot:1    | 55474 ||| STAIRDANCE
 55474 | Zot:1    | HP: 41/173 [white draconian stormcaller/divine providence[a
                  | black draconian knight] (15)]
 55476 | Depths:4 | 55476 ||| DRINKING 3 potions of heal wounds.
 55873 | Zot:1    | 55873 ||| Stepping ~*~*~tactically~*~*~ (hiding).
 55876 | Zot:1    | 55876 ||| Stepping ~*~*~tactically~*~*~ (hiding).
 55918 | Zot:1    | 55918 ||| Stepping ~*~*~tactically~*~*~ (stealth).
 55943 | Zot:1    | Received a gift from Okawaru
 56026 | Zot:1    | 56026 ||| INVOKING Heroism.
 56532 | Zot:2    | 56532 ||| INVOKING Heroism.
 56537 | Zot:2    | Received a gift from Okawaru
 56543 | Zot:2    | 56543 ||| STAIRDANCE
 56750 | Zot:2    | Reached XP level 25. HP: 138/178 MP: 30/30
 56750 | Zot:2    | 56750 ||| FLEEEEING.
 56751 | Zot:2    | 56751 ||| FLEEEEING.
 56752 | Zot:2    | 56752 ||| FLEEEEING.
 56753 | Zot:2    | 56753 ||| STAIRDANCE
 56924 | Zot:2    | Received a gift from Okawaru
 57053 | Zot:2    | 57053 ||| INVOKING Heroism.
 57173 | Zot:2    | Identified the +4 ring mail of Aluawy {Str+3}
 57317 | Zot:2    | 57317 ||| INVOKING Heroism.
 57945 | Zot:3    | 57945 ||| Stepping ~*~*~tactically~*~*~ (hiding).
 57955 | Zot:3    | Reached skill level 25 in Fighting
 58080 | Zot:3    | 58080 ||| Stepping ~*~*~tactically~*~*~ (hiding).
 58081 | Zot:3    | 58081 ||| Stepping ~*~*~tactically~*~*~ (stealth).
 58100 | Zot:3    | 58100 ||| INVOKING Heroism.
 58308 | Zot:3    | 58308 ||| READING scroll of enchant weapon.
 58308 | Zot:3    | 58308 ||| ENCHANTING +5 spectral broad axe.
 58804 | Zot:3    | Noticed an orb of fire
 58805 | Zot:3    | 58805 ||| DRINKING 12 potions of resistance.
 58806 | Zot:3    | 58806 ||| INVOKING Heroism.
 58808 | Zot:3    | Gained mutation: You are clumsy. (Dex -2) [an orb of fire]
 58810 | Zot:3    | Gained mutation: Your spells are a little easier to cast,
                  | but a little less powerful. [an orb of fire]
 58811 | Zot:3    | Killed an orb of fire
 58951 | Zot:3    | 58951 ||| UPGRADING to +0 tower shield.
 58961 | Zot:3    | 58961 ||| DROPPING +3 kite shield "Earthly Heaven" {Str+6
                  | Stlth-}.
 59012 | Zot:4    | 59012 ||| STAIRDANCE
 59190 | Zot:4    | 59190 ||| Stepping ~*~*~tactically~*~*~ (stealth).
 59262 | Zot:4    | 59262 ||| Stepping ~*~*~tactically~*~*~ (hiding).
 59297 | Zot:4    | 59297 ||| Stepping ~*~*~tactically~*~*~ (hiding).
 59299 | Zot:4    | 59299 ||| INVOKING Heroism.
 59308 | Zot:4    | 59308 ||| Stepping ~*~*~tactically~*~*~ (hiding).
 59379 | Zot:4    | 59379 ||| Stepping ~*~*~tactically~*~*~ (hiding).
 59383 | Zot:4    | 59383 ||| INVOKING Heroism.
 59580 | Zot:4    | 59580 ||| Stepping ~*~*~tactically~*~*~ (hiding).
 59585 | Zot:4    | Received a gift from Okawaru
 59628 | Zot:4    | 59628 ||| INVOKING Heroism.
 59887 | Zot:4    | 59887 ||| Stepping ~*~*~tactically~*~*~ (stealth).
 59912 | Zot:4    | Received a gift from Okawaru
 60043 | Zot:4    | 60043 ||| INVOKING Heroism.
 60108 | Zot:4    | 60108 ||| Stepping ~*~*~tactically~*~*~ (hiding).
 60110 | Zot:4    | 60110 ||| Stepping ~*~*~tactically~*~*~ (hiding).
 60112 | Zot:4    | 60112 ||| Stepping ~*~*~tactically~*~*~ (stealth).
 60116 | Zot:4    | 60116 ||| INVOKING Heroism.
 60125 | Zot:4    | 60125 ||| Stepping ~*~*~tactically~*~*~ (hiding).
 60126 | Zot:4    | 60126 ||| Stepping ~*~*~tactically~*~*~ (hiding).
 60190 | Zot:4    | 60190 ||| Stepping ~*~*~tactically~*~*~ (hiding).
 60192 | Zot:4    | 60192 ||| Stepping ~*~*~tactically~*~*~ (hiding).
 60307 | Zot:4    | 60307 ||| PLANNING SLIME:5
 60307 | Zot:4    | 60307 ||| UPGRADING to +2 cloak.
 60317 | Zot:4    | 60317 ||| UPGRADING to ring of the Scarab {Ice rN+ Int+3}.
 60319 | Zot:4    | 60319 ||| UPGRADING to ring of Light {rN+++ EV+5}.
 60755 | Slime:1  | Entered Level 1 of the Pits of Slime
 60762 | Slime:1  | Reached skill level 21 in Shields
 60774 | Slime:1  | 60774 ||| STAIRDANCE
 60831 | Slime:1  | 60831 ||| STAIRDANCE
 60930 | Slime:2  | 60930 ||| DRINKING 19 potions of curing.
 60930 | Slime:2  | 60930 ||| (to cure confusion)
 60956 | Slime:2  | 60956 ||| DROPPING 4 boomerangs of dispersal.
 60957 | Slime:2  | 60957 ||| DROPPING 16 boomerangs.
 60958 | Slime:2  | 60958 ||| DROPPING silver boomerang.
 60988 | Slime:4  | 60988 ||| STAIRDANCE
 60994 | Slime:4  | 60994 ||| STAIRDANCE
 61001 | Slime:4  | 61001 ||| STAIRDANCE
 61009 | Slime:4  | 61009 ||| STAIRDANCE
 61032 | Slime:5  | Entered Level 5 of the Pits of Slime
 61130 | Slime:5  | Found a viscous altar of Jiyva.
 61131 | Slime:5  | Noticed the Royal Jelly
 61133 | Slime:5  | 61133 ||| INVOKING Heroism.
 61134 | Slime:5  | 61134 ||| INVOKING Finesse.
 61138 | Slime:5  | 61138 ||| DRINKING 18 potions of curing.
 61138 | Slime:5  | 61138 ||| (to cure confusion)
 61146 | Slime:5  | Killed the Royal Jelly
 61146 | Slime:5  | Received a gift from Okawaru
 61147 | Slime:5  | 61147 ||| DRINKING 17 potions of curing.
 61147 | Slime:5  | 61147 ||| (to cure confusion)
 61150 | Slime:5  | 61150 ||| DRINKING 16 potions of curing.
 61150 | Slime:5  | 61150 ||| (to cure confusion)
 61151 | Slime:5  | 61151 ||| DRINKING 15 potions of curing.
 61151 | Slime:5  | 61151 ||| (to cure confusion)
 61160 | Slime:5  | Reached XP level 26. HP: 157/188 MP: 26/30
 61160 | Slime:5  | Received a gift from Okawaru
 61260 | Slime:5  | Identified the ring of Creativity {rC+ Will+ AC+4 Dex+2}
 61266 | Slime:5  | Got a slimy rune of Zot
 61273 | Slime:5  | Identified the +0 ring mail "Esmipt" {rC+}
 61300 | Slime:5  | Identified the +12 plate armour of Dishonesty {Harm rElec}
 61313 | Slime:5  | Identified the staff of conjuration "Inoeneim" {+Blink rC+
                  | Str+4}
 61318 | Slime:5  | Identified the +5 dagger of Conflict {flame, rF+}
 61339 | Slime:5  | Identified the +12 falchion of the Boiling Point {holy,
                  | rPois}
 61349 | Slime:5  | Identified the staff of fire "Jotum" {rF+ Int+3}
 61734 | Slime:5  | 61734 ||| PLANNING THE SHINING ONE WORSHIP
 61734 | Slime:5  | 61734 ||| DROPPING +2 pair of gloves of stealth.
 61735 | Slime:5  | 61735 ||| UPGRADING to scarf "Pupreok" {rC+ rF+, rN+ Will+
                  | Int+5}.
 61745 | Slime:5  | 61745 ||| UPGRADING to ring of Creativity {rC+ Will+ AC+4
                  | Dex+2}.
 61747 | Slime:5  | 61747 ||| DROPPING ring of resist corrosion.
 61748 | Slime:5  | 61748 ||| DROPPING ring of ice.
 61749 | Slime:5  | 61749 ||| DROPPING ring of protection from cold.
 61761 | Slime:3  | Gained mutation: You sometimes lose your temper in combat.
                  | [a shining eye]
 61812 | Slime:3  | 61812 ||| DRINKING 6 potions of mutation.
 61812 | Slime:3  | Lost mutation: Your spells are a little easier to cast, but
                  | a little less powerful. [potion of mutation]
 61812 | Slime:3  | Lost mutation: You are clumsy. (Dex -2) [potion of
                  | mutation]
 61812 | Slime:3  | Lost mutation: You sometimes lose your temper in combat.
                  | [potion of mutation]
 61812 | Slime:3  | Gained mutation: You are agile. (Dex +4, Str/Int -1)
                  | [potion of mutation]
 61812 | Slime:3  | Gained mutation: You have sharp fingernails. [potion of
                  | mutation]
 61956 | Shoals:4 | Fell from the grace of Okawaru
 61956 | Shoals:4 | Became a worshipper of the Shining One
 61956 | Shoals:4 | 61956 ||| PLANNING CRYPT
 62327 | Crypt:1  | Entered Level 1 of the Crypt
 62330 | Crypt:1  | 62330 ||| Stepping ~*~*~tactically~*~*~ (hiding).
 62351 | Crypt:1  | Reached * piety under the Shining One
 62352 | Crypt:1  | 62352 ||| Stepping ~*~*~tactically~*~*~ (stealth).
 62446 | Crypt:1  | 62446 ||| Stepping ~*~*~tactically~*~*~ (hiding).
 62460 | Crypt:1  | Reached ** piety under the Shining One
 62511 | Crypt:1  | 62511 ||| Stepping ~*~*~tactically~*~*~ (stealth).
 62512 | Crypt:1  | 62512 ||| Stepping ~*~*~tactically~*~*~ (stealth).
 62514 | Crypt:1  | 62514 ||| Stepping ~*~*~tactically~*~*~ (stealth).
 62515 | Crypt:1  | 62515 ||| Stepping ~*~*~tactically~*~*~ (stealth).
 62650 | Crypt:1  | Reached *** piety under the Shining One
 62724 | Crypt:1  | 62724 ||| READING scroll of enchant weapon.
 62724 | Crypt:1  | 62724 ||| ENCHANTING +6 spectral broad axe.
 62954 | Crypt:1  | 62954 ||| DROPPING ring of Conformity {Fly Str+3 Int+4
                  | SInv}.
 62977 | Crypt:2  | 62977 ||| Stepping ~*~*~tactically~*~*~ (hiding).
 62984 | Crypt:2  | Reached **** piety under the Shining One
 62985 | Crypt:2  | 62985 ||| STAIRDANCE
 63043 | Crypt:2  | 63043 ||| STAIRDANCE
 63160 | Crypt:2  | Reached ***** piety under the Shining One
 63164 | Crypt:2  | Reached skill level 12 in Invocations
 63331 | Crypt:2  | 63331 ||| Stepping ~*~*~tactically~*~*~ (hiding).
 63332 | Crypt:2  | 63332 ||| Stepping ~*~*~tactically~*~*~ (hiding).
 63351 | Crypt:2  | Found an ancient bone altar of Kikubaaqudgha.
 63354 | Crypt:2  | Identified the staff of cold "Duemej" {rC+ rN+ Str+2}
 63356 | Crypt:2  | 63356 ||| INVOKING Cleansing Flame.
 63466 | Crypt:2  | 63466 ||| READING scroll of enchant weapon.
 63466 | Crypt:2  | 63466 ||| ENCHANTING +7 spectral broad axe.
 63553 | Crypt:2  | Reached ****** piety under the Shining One
 63577 | Crypt:2  | 63577 ||| INVOKING Brand Weapon With Holy Wrath.
 63577 | Crypt:2  | Identified a +9 broad axe of holy wrath (a +8 spectral
                  | broad axe blessed by the Shining One)
 63577 | Crypt:2  | Received a gift from the Shining One
 63675 | Crypt:2  | 63675 ||| FLEEEEING.
 63676 | Crypt:2  | 63676 ||| FLEEEEING.
 63677 | Crypt:2  | 63677 ||| FLEEEEING.
 63678 | Crypt:2  | 63678 ||| FLEEEEING.
 63680 | Crypt:2  | 63680 ||| FLEEEEING.
 63681 | Crypt:2  | 63681 ||| FLEEEEING.
 63682 | Crypt:2  | 63682 ||| FLEEEEING.
 63685 | Crypt:2  | 63685 ||| FLEEEEING.
 63686 | Crypt:2  | 63686 ||| FLEEEEING.
 63687 | Crypt:2  | 63687 ||| FLEEEEING.
 63688 | Crypt:2  | 63688 ||| FLEEEEING.
 63695 | Crypt:2  | 63695 ||| STAIRDANCE
 63797 | Crypt:1  | 63797 ||| DROPPING ring of the Scarab {Ice rN+ Int+3}.
 63807 | Crypt:2  | 63807 ||| Stepping ~*~*~tactically~*~*~ (stealth).
 63826 | Crypt:2  | 63826 ||| INVOKING Summon Divine Warrior.
 63832 | Crypt:2  | 63832 ||| INVOKING Cleansing Flame.
 64319 | Crypt:3  | Entered Level 3 of the Crypt
 64384 | Crypt:3  | 64384 ||| Stepping ~*~*~tactically~*~*~ (hiding).
 64385 | Crypt:3  | 64385 ||| Stepping ~*~*~tactically~*~*~ (hiding).
 64409 | Crypt:3  | 64409 ||| INVOKING Summon Divine Warrior.
 64417 | Crypt:3  | 64417 ||| INVOKING Cleansing Flame.
 64424 | Crypt:3  | Reached skill level 15 in Invocations
 64461 | Crypt:3  | 64461 ||| FLEEEEING.
 64462 | Crypt:3  | 64462 ||| FLEEEEING.
 64532 | Crypt:3  | 64532 ||| Stepping ~*~*~tactically~*~*~ (stealth).
 64534 | Crypt:3  | 64534 ||| Stepping ~*~*~tactically~*~*~ (stealth).
 64646 | Crypt:3  | 64646 ||| INVOKING Summon Divine Warrior.
 64827 | Crypt:3  | 64827 ||| INVOKING Cleansing Flame.
 64837 | Crypt:3  | 64837 ||| INVOKING Cleansing Flame.
 64970 | Crypt:3  | 64970 ||| READING scroll of enchant armour.
 64970 | Crypt:3  | 64970 ||| ENCHANTING +1 helmet.
 65150 | Crypt:2  | Found an ancient bone altar of Kikubaaqudgha.
 65153 | Crypt:2  | 65153 ||| DROPPING +2 helmet of see invisible.
 65200 | Crypt:3  | Noticed a dread lich
 65479 | Crypt:3  | Identified the staff of cold "Zyuvuivomye" {+Blink rElec
                  | rC+ rN++ Dex-2}
 65506 | Crypt:3  | Found a staircase to the Tomb.
 66015 | Crypt:3  | 66015 ||| PLANNING TOMB
 66015 | Crypt:3  | 66015 ||| Stepping randomly (stuck).
 66016 | Crypt:3  | 66016 ||| Stepping randomly (stuck).
 66017 | Crypt:3  | 66017 ||| Stepping randomly (stuck).
 66018 | Crypt:3  | 66018 ||| Stepping randomly (stuck).
 66019 | Crypt:3  | 66019 ||| Stepping randomly (stuck).
 66020 | Crypt:3  | 66020 ||| Stepping randomly (stuck).
 66021 | Crypt:3  | 66021 ||| Stepping randomly (stuck).
 66022 | Crypt:3  | 66022 ||| Stepping randomly (stuck).
 66023 | Crypt:3  | 66023 ||| Stepping randomly (stuck).
 66024 | Crypt:3  | 66024 ||| Stepping randomly (stuck).
 66025 | Crypt:3  | 66025 ||| Stepping randomly (stuck).
 66026 | Crypt:3  | 66026 ||| Stepping randomly (stuck).
 66027 | Crypt:3  | 66027 ||| Stepping randomly (stuck).
 66028 | Crypt:3  | 66028 ||| Stepping randomly (stuck).
 66029 | Crypt:3  | 66029 ||| Stepping randomly (stuck).
 66030 | Crypt:3  | 66030 ||| Stepping randomly (stuck).
 66031 | Crypt:3  | 66031 ||| Stepping randomly (stuck).
 66032 | Crypt:3  | 66032 ||| Stepping randomly (stuck).
 66033 | Crypt:3  | 66033 ||| Stepping randomly (stuck).
 66034 | Crypt:3  | 66034 ||| Stepping randomly (stuck).
 66035 | Crypt:3  | 66035 ||| Stepping randomly (stuck).
 66036 | Crypt:3  | 66036 ||| Stepping randomly (stuck).
 66037 | Crypt:3  | 66037 ||| Stepping randomly (stuck).
 66038 | Crypt:3  | 66038 ||| Stepping randomly (stuck).
 66039 | Crypt:3  | 66039 ||| Stepping randomly (stuck).
 66040 | Crypt:3  | 66040 ||| Stepping randomly (stuck).
 66041 | Crypt:3  | 66041 ||| Stepping randomly (stuck).
 66042 | Crypt:3  | 66042 ||| Stepping randomly (stuck).
 66043 | Crypt:3  | 66043 ||| Stepping randomly (stuck).
 66044 | Crypt:3  | 66044 ||| Stepping randomly (stuck).
 66045 | Crypt:3  | 66045 ||| Stepping randomly (stuck).
 66046 | Crypt:3  | 66046 ||| Stepping randomly (stuck).
 66047 | Crypt:3  | 66047 ||| Stepping randomly (stuck).
 66048 | Crypt:3  | 66048 ||| Stepping randomly (stuck).
 66049 | Crypt:3  | 66049 ||| Stepping randomly (stuck).
 66050 | Crypt:3  | 66050 ||| Stepping randomly (stuck).
 66051 | Crypt:3  | 66051 ||| Stepping randomly (stuck).
 66052 | Crypt:3  | 66052 ||| Stepping randomly (stuck).
 66053 | Crypt:3  | 66053 ||| Stepping randomly (stuck).
 66054 | Crypt:3  | 66054 ||| Stepping randomly (stuck).
 66055 | Crypt:3  | 66055 ||| Stepping randomly (stuck).
 66056 | Crypt:3  | 66056 ||| Stepping randomly (stuck).
 66057 | Crypt:3  | 66057 ||| Stepping randomly (stuck).
 66058 | Crypt:3  | 66058 ||| Stepping randomly (stuck).
 66059 | Crypt:3  | 66059 ||| Stepping randomly (stuck).
 66060 | Crypt:3  | 66060 ||| Stepping randomly (stuck).
 66061 | Crypt:3  | 66061 ||| Stepping randomly (stuck).
 66062 | Crypt:3  | 66062 ||| Stepping randomly (stuck).
 66063 | Crypt:3  | 66063 ||| Stepping randomly (stuck).
 66064 | Crypt:3  | 66064 ||| Stepping randomly (stuck).
 66065 | Crypt:3  | 66065 ||| Stepping randomly (stuck).
 66066 | Crypt:3  | 66066 ||| READING 17 scrolls of teleportation.
 66146 | Tomb:1   | Entered Level 1 of the Tomb of the Ancients
 66353 | Tomb:1   | 66353 ||| INVOKING Cleansing Flame.
 66354 | Tomb:1   | 66354 ||| INVOKING Cleansing Flame.
 66354 | Tomb:1   | Noticed a royal mummy
 66355 | Tomb:1   | 66355 ||| INVOKING Cleansing Flame.
 66356 | Tomb:1   | 66356 ||| INVOKING Summon Divine Warrior.
 66360 | Tomb:1   | 66360 ||| INVOKING Cleansing Flame.
 66361 | Tomb:1   | 66361 ||| INVOKING Cleansing Flame.
 66362 | Tomb:1   | 66362 ||| INVOKING Cleansing Flame.
 66363 | Tomb:1   | 66363 ||| INVOKING Cleansing Flame.
 66364 | Tomb:1   | 66364 ||| DRINKING 7 potions of magic.
 66365 | Tomb:1   | 66365 ||| INVOKING Cleansing Flame.
 66366 | Tomb:1   | 66366 ||| INVOKING Cleansing Flame.
 66366 | Tomb:1   | Killed a royal mummy
 66367 | Tomb:1   | 66367 ||| INVOKING Cleansing Flame.
 66368 | Tomb:1   | 66368 ||| INVOKING Summon Divine Warrior.
 66370 | Tomb:1   | 66370 ||| INVOKING Cleansing Flame.
 66378 | Tomb:1   | 66378 ||| INVOKING Cleansing Flame.
 66381 | Tomb:1   | 66381 ||| INVOKING Cleansing Flame.
 66387 | Tomb:1   | Noticed a royal mummy
 66390 | Tomb:1   | 66390 ||| INVOKING Cleansing Flame.
 66394 | Tomb:1   | 66394 ||| INVOKING Cleansing Flame.
 66396 | Tomb:1   | Killed a royal mummy
 66397 | Tomb:1   | Reached XP level 27. HP: 108/193 MP: 17/35
 66484 | Tomb:1   | 66484 ||| INVOKING Cleansing Flame.
 66868 | Tomb:1   | 66868 ||| Stepping ~*~*~tactically~*~*~ (stealth).
 66878 | Tomb:1   | Reached skill level 12 in Dodging
 66976 | Tomb:1   | 66976 ||| FLEEEEING.
 66978 | Tomb:1   | 66978 ||| FLEEEEING.
 66984 | Tomb:1   | 66984 ||| Stepping ~*~*~tactically~*~*~ (hiding).
 67035 | Tomb:1   | 67035 ||| INVOKING Summon Divine Warrior.
 67164 | Tomb:1   | 67164 ||| Stepping ~*~*~tactically~*~*~ (stealth).
 67542 | Tomb:2   | 67542 ||| DRINKING 10 potions of haste.
 67543 | Tomb:2   | 67543 ||| DRINKING 7 potions of attraction.
 67544 | Tomb:2   | 67544 ||| INVOKING Cleansing Flame.
 67545 | Tomb:2   | 67545 ||| INVOKING Cleansing Flame.
 67546 | Tomb:2   | Noticed a royal mummy
 67546 | Tomb:2   | Noticed a royal mummy
 67547 | Tomb:2   | 67547 ||| INVOKING Summon Divine Warrior.
 67547 | Tomb:2   | Noticed a royal mummy
 67547 | Tomb:2   | Noticed a royal mummy
 67547 | Tomb:2   | Noticed a royal mummy
 67549 | Tomb:2   | 67549 ||| INVOKING Cleansing Flame.
 67550 | Tomb:2   | 67550 ||| INVOKING Cleansing Flame.
 67551 | Tomb:2   | 67551 ||| INVOKING Cleansing Flame.
 67552 | Tomb:2   | 67552 ||| INVOKING Cleansing Flame.
 67552 | Tomb:2   | Killed a royal mummy
 67552 | Tomb:2   | HP: 40/193 [something (33)]
 67553 | Tomb:2   | 67553 ||| READING 16 scrolls of teleportation.
 67554 | Tomb:2   | 67554 ||| DRINKING 8 potions of heal wounds.
 67556 | Tomb:2   | 67556 ||| DRINKING 7 potions of heal wounds.
 67557 | Tomb:2   | 67557 ||| INVOKING Summon Divine Warrior.
 67558 | Tomb:2   | 67558 ||| INVOKING Cleansing Flame.
 67559 | Tomb:2   | HP: 44/193 [something (13)]
 67560 | Tomb:2   | 67560 ||| READING 15 scrolls of teleportation.
 67561 | Tomb:2   | 67561 ||| DRINKING 6 potions of heal wounds.
 67562 | Tomb:2   | 67562 ||| DRINKING 5 potions of heal wounds.
 67563 | Tomb:2   | 67563 ||| INVOKING Cleansing Flame.
 67563 | Tomb:2   | Killed a royal mummy
 67564 | Tomb:2   | 67564 ||| INVOKING Cleansing Flame.
 67565 | Tomb:2   | 67565 ||| DRINKING 6 potions of magic.
 67566 | Tomb:2   | 67566 ||| INVOKING Summon Divine Warrior.
 67574 | Tomb:2   | Killed a royal mummy
 67575 | Tomb:2   | Reached skill level 18 in Invocations
 67583 | Tomb:2   | 67583 ||| INVOKING Cleansing Flame.
 67583 | Tomb:2   | Killed a royal mummy
 67583 | Tomb:2   | HP: 44/193 [something (16)]
 67584 | Tomb:2   | 67584 ||| READING 14 scrolls of teleportation.
 67585 | Tomb:2   | 67585 ||| DRINKING 4 potions of heal wounds.
 67590 | Tomb:2   | 67590 ||| INVOKING Summon Divine Warrior.
 67591 | Tomb:2   | 67591 ||| INVOKING Cleansing Flame.
 67591 | Tomb:2   | Killed a royal mummy
 68310 | Tomb:2   | Was forgiven by Okawaru
 68316 | Tomb:2   | 68316 ||| INVOKING Summon Divine Warrior.
 68318 | Tomb:2   | HP: 39/193 [titan[the fury of Okawaru] (19)]
 68319 | Tomb:2   | 68319 ||| READING 13 scrolls of teleportation.
 68320 | Tomb:2   | 68320 ||| DRINKING 3 potions of heal wounds.
 68321 | Tomb:2   | 68321 ||| DRINKING 2 potions of heal wounds.
 68442 | Tomb:2   | 68442 ||| Stepping ~*~*~tactically~*~*~ (stealth).
 68546 | Tomb:2   | 68546 ||| Stepping ~*~*~tactically~*~*~ (hiding).
 68560 | Tomb:2   | 68560 ||| Stepping ~*~*~tactically~*~*~ (hiding).
 68561 | Tomb:2   | 68561 ||| Stepping ~*~*~tactically~*~*~ (hiding).
 68577 | Tomb:2   | 68577 ||| Stepping ~*~*~tactically~*~*~ (stealth).
 68579 | Tomb:2   | 68579 ||| Stepping ~*~*~tactically~*~*~ (stealth).
 68583 | Tomb:2   | 68583 ||| Stepping ~*~*~tactically~*~*~ (stealth).
 68584 | Tomb:2   | 68584 ||| Stepping ~*~*~tactically~*~*~ (stealth).
 68585 | Tomb:2   | 68585 ||| Stepping ~*~*~tactically~*~*~ (stealth).
 68586 | Tomb:2   | 68586 ||| Stepping ~*~*~tactically~*~*~ (stealth).
 68616 | Tomb:2   | 68616 ||| Stepping ~*~*~tactically~*~*~ (hiding).
 68769 | Tomb:1   | 68769 ||| INVOKING Cleansing Flame.
 68773 | Tomb:1   | Noticed a royal mummy
 68774 | Tomb:1   | 68774 ||| INVOKING Summon Divine Warrior.
 68778 | Tomb:1   | 68778 ||| INVOKING Cleansing Flame.
 68779 | Tomb:1   | 68779 ||| INVOKING Cleansing Flame.
 68780 | Tomb:1   | 68780 ||| INVOKING Cleansing Flame.
 68780 | Tomb:1   | Killed a royal mummy
 68955 | Tomb:1   | Noticed a royal mummy
 68955 | Tomb:1   | Noticed a royal mummy
 68956 | Tomb:1   | 68956 ||| INVOKING Cleansing Flame.
 68958 | Tomb:1   | Noticed a royal mummy
 68960 | Tomb:1   | 68960 ||| INVOKING Summon Divine Warrior.
 68961 | Tomb:1   | Noticed a royal mummy
 68962 | Tomb:1   | Killed a royal mummy
 68965 | Tomb:1   | Killed a royal mummy
 68970 | Tomb:1   | Noticed a royal mummy
 68971 | Tomb:1   | 68971 ||| INVOKING Cleansing Flame.
 68972 | Tomb:1   | 68972 ||| INVOKING Cleansing Flame.
 68973 | Tomb:1   | 68973 ||| INVOKING Cleansing Flame.
 68976 | Tomb:1   | Killed a royal mummy
 68976 | Tomb:1   | Gained mutation: You occasionally lose the ability to drink
                  | potions when taking damage. [mutagenic glow]
 68978 | Tomb:1   | Killed a royal mummy
 68979 | Tomb:1   | 68979 ||| INVOKING Cleansing Flame.
 68980 | Tomb:1   | 68980 ||| DRINKING 5 potions of magic.
 68981 | Tomb:1   | 68981 ||| INVOKING Cleansing Flame.
 68982 | Tomb:1   | 68982 ||| INVOKING Cleansing Flame.
 68983 | Tomb:1   | 68983 ||| INVOKING Cleansing Flame.
 68983 | Tomb:1   | Killed a royal mummy
 68983 | Tomb:1   | HP: 45/193 [torment (8)]
 68995 | Tomb:1   | Gained mutation: You are frail. (-10% HP) [mutagenic glow]
 69248 | Tomb:1   | 69248 ||| DRINKING 5 potions of mutation.
 69248 | Tomb:1   | Lost mutation: You occasionally lose the ability to drink
                  | potions when taking damage. [potion of mutation]
 69248 | Tomb:1   | Lost mutation: You have sharp fingernails. [potion of
                  | mutation]
 69248 | Tomb:1   | Gained mutation: Armour fits poorly on your strangely
                  | shaped body. [potion of mutation]
 69249 | Tomb:1   | 69249 ||| DRINKING 4 potions of mutation.
 69249 | Tomb:1   | Lost mutation: You are frail. (-10% HP) [potion of
                  | mutation]
 69249 | Tomb:1   | Lost mutation: Armour fits poorly on your strangely shaped
                  | body. [potion of mutation]
 69249 | Tomb:1   | Gained mutation: Your spells are a little harder to cast,
                  | but a little more powerful. [potion of mutation]
 69249 | Tomb:1   | Gained mutation: You are occasionally teleported next to
                  | monsters. [potion of mutation]
 69249 | Tomb:1   | Gained mutation: You are weak. (Str -2) [potion of
                  | mutation]
 69287 | Tomb:1   | 69287 ||| DRINKING 3 potions of mutation.
 69287 | Tomb:1   | Lost mutation: You are weak. (Str -2) [potion of mutation]
 69287 | Tomb:1   | Lost mutation: You are occasionally teleported next to
                  | monsters. [potion of mutation]
 69287 | Tomb:1   | Lost mutation: You are agile. (Dex +4, Str/Int -1) [potion
                  | of mutation]
 69287 | Tomb:1   | Gained mutation: Your flesh is cold resistant. (rC+)
                  | [potion of mutation]
 69287 | Tomb:1   | Gained mutation: Your mind is acute. (Int +4, Str/Dex -1)
                  | [potion of mutation]
 69322 | Tomb:1   | Noticed a royal mummy
 69323 | Tomb:1   | 69323 ||| INVOKING Summon Divine Warrior.
 69338 | Tomb:1   | 69338 ||| INVOKING Summon Divine Warrior.
 69355 | Tomb:1   | 69355 ||| INVOKING Cleansing Flame.
 69356 | Tomb:1   | 69356 ||| INVOKING Cleansing Flame.
 69356 | Tomb:1   | Killed a royal mummy
 69383 | Tomb:1   | Noticed a royal mummy
 69387 | Tomb:1   | 69387 ||| INVOKING Cleansing Flame.
 69388 | Tomb:1   | 69388 ||| INVOKING Cleansing Flame.
 69388 | Tomb:1   | Killed a royal mummy
 69393 | Tomb:1   | Noticed a royal mummy
 69394 | Tomb:1   | Noticed a royal mummy
 69395 | Tomb:1   | 69395 ||| INVOKING Cleansing Flame.
 69396 | Tomb:1   | 69396 ||| INVOKING Cleansing Flame.
 69396 | Tomb:1   | Killed a royal mummy
 69397 | Tomb:1   | Noticed a royal mummy
 69397 | Tomb:1   | Noticed a royal mummy
 69398 | Tomb:1   | 69398 ||| INVOKING Cleansing Flame.
 69399 | Tomb:1   | 69399 ||| INVOKING Cleansing Flame.
 69400 | Tomb:1   | 69400 ||| INVOKING Cleansing Flame.
 69400 | Tomb:1   | Killed a royal mummy
 69402 | Tomb:1   | 69402 ||| INVOKING Cleansing Flame.
 69411 | Tomb:1   | Killed a royal mummy
 69416 | Tomb:1   | Noticed a royal mummy
 69417 | Tomb:1   | 69417 ||| DRINKING 4 potions of magic.
 69418 | Tomb:1   | 69418 ||| INVOKING Cleansing Flame.
 69419 | Tomb:1   | 69419 ||| INVOKING Cleansing Flame.
 69420 | Tomb:1   | 69420 ||| INVOKING Cleansing Flame.
 69420 | Tomb:1   | HP: 48/193 [??? (9)]
 69421 | Tomb:1   | 69421 ||| READING 12 scrolls of teleportation.
 69422 | Tomb:1   | 69422 ||| DRINKING potion of heal wounds.
 69423 | Tomb:1   | 69423 ||| INVOKING Cleansing Flame.
 69425 | Tomb:1   | Killed a royal mummy
 69877 | Tomb:1   | 69877 ||| Stepping ~*~*~tactically~*~*~ (stealth).
 69878 | Tomb:1   | 69878 ||| Stepping ~*~*~tactically~*~*~ (stealth).
 69882 | Tomb:1   | 69882 ||| INVOKING Cleansing Flame.
 69887 | Tomb:1   | Killed a royal mummy
 69896 | Tomb:1   | Noticed a royal mummy
 69897 | Tomb:1   | 69897 ||| INVOKING Cleansing Flame.
 69904 | Tomb:1   | Killed a royal mummy
 70109 | Tomb:1   | 70109 ||| INVOKING Cleansing Flame.
 70137 | Tomb:1   | Noticed a royal mummy
 70138 | Tomb:1   | Noticed a royal mummy
 70141 | Tomb:1   | 70141 ||| INVOKING Cleansing Flame.
 70142 | Tomb:1   | 70142 ||| INVOKING Cleansing Flame.
 70145 | Tomb:1   | Killed a royal mummy
 70146 | Tomb:1   | 70146 ||| INVOKING Cleansing Flame.
 70159 | Tomb:1   | Killed a royal mummy
 70617 | Tomb:2   | 70617 ||| INVOKING Cleansing Flame.
 70619 | Tomb:2   | 70619 ||| INVOKING Cleansing Flame.
 70619 | Tomb:2   | Paralysed by a Zot trap for 3 turns
 70622 | Tomb:2   | 70622 ||| INVOKING Cleansing Flame.
 70637 | Tomb:2   | 70637 ||| INVOKING Summon Divine Warrior.
 70641 | Tomb:2   | 70641 ||| INVOKING Cleansing Flame.
 70647 | Tomb:2   | 70647 ||| INVOKING Cleansing Flame.
 70919 | Tomb:2   | Identified the +1 lajatang "Fosaplaf" {holy, Will+}
 71004 | Tomb:3   | Entered Level 3 of the Tomb of the Ancients
 71005 | Tomb:3   | 71005 ||| DRINKING 9 potions of haste.
 71006 | Tomb:3   | 71006 ||| DRINKING 6 potions of attraction.
 71032 | Tomb:3   | Noticed a royal mummy
 71033 | Tomb:3   | 71033 ||| INVOKING Summon Divine Warrior.
 71041 | Tomb:3   | Noticed a royal mummy
 71043 | Tomb:3   | Noticed a royal mummy
 71044 | Tomb:3   | 71044 ||| INVOKING Summon Divine Warrior.
 71045 | Tomb:3   | 71045 ||| INVOKING Cleansing Flame.
 71046 | Tomb:3   | 71046 ||| INVOKING Cleansing Flame.
 71047 | Tomb:3   | 71047 ||| INVOKING Cleansing Flame.
 71047 | Tomb:3   | Gained mutation: You are weak. (Str -2) [mutagenic glow]
 71048 | Tomb:3   | 71048 ||| INVOKING Summon Divine Warrior.
 71050 | Tomb:3   | Reached skill level 24 in Armour
 71050 | Tomb:3   | 71050 ||| INVOKING Cleansing Flame.
 71054 | Tomb:3   | Noticed a royal mummy
 71057 | Tomb:3   | 71057 ||| INVOKING Cleansing Flame.
 71057 | Tomb:3   | Killed a royal mummy
 71058 | Tomb:3   | 71058 ||| DRINKING 3 potions of magic.
 71059 | Tomb:3   | 71059 ||| INVOKING Cleansing Flame.
 71060 | Tomb:3   | 71060 ||| INVOKING Cleansing Flame.
 71061 | Tomb:3   | Noticed a royal mummy
 71061 | Tomb:3   | 71061 ||| INVOKING Cleansing Flame.
 71062 | Tomb:3   | 71062 ||| INVOKING Cleansing Flame.
 71063 | Tomb:3   | 71063 ||| INVOKING Cleansing Flame.
 71063 | Tomb:3   | Gained mutation: You expend magic power (3 MP) to
                  | strengthen your wands. [mutagenic glow]
 71064 | Tomb:3   | 71064 ||| INVOKING Cleansing Flame.
 71065 | Tomb:3   | 71065 ||| INVOKING Cleansing Flame.
 71065 | Tomb:3   | HP: 46/195 [??? (8)]
 71066 | Tomb:3   | 71066 ||| READING 11 scrolls of teleportation.
 71067 | Tomb:3   | 71067 ||| INVOKING Cleansing Flame.
 71067 | Tomb:3   | Killed a royal mummy
 71068 | Tomb:3   | Reached skill level 26 in Fighting
 71068 | Tomb:3   | 71068 ||| INVOKING Cleansing Flame.
 71068 | Tomb:3   | Killed a royal mummy
 71068 | Tomb:3   | Noticed a royal mummy
 71069 | Tomb:3   | Noticed a royal mummy
 71069 | Tomb:3   | Noticed a royal mummy
 71069 | Tomb:3   | Noticed a royal mummy
 71070 | Tomb:3   | 71070 ||| READING 10 scrolls of teleportation.
 71070 | Tomb:3   | HP: 31/196 [??? (5)]
 71070 | Tomb:3   | HP: 8/196 [mummy priest/divine providence (9)]
 71072 | Tomb:3   | 71072 ||| READING 9 scrolls of teleportation.
 71074 | Tomb:3   | 71074 ||| INVOKING Cleansing Flame.
 71076 | Tomb:3   | 71076 ||| READING 8 scrolls of teleportation.
 71079 | Tomb:3   | 71079 ||| READING 7 scrolls of teleportation.
 71098 | Tomb:3   | 71098 ||| READING 6 scrolls of teleportation.
 71101 | Tomb:3   | 71101 ||| INVOKING Summon Divine Warrior.
 71107 | Tomb:3   | HP: 40/196 [royal mummy/divine providence (14)]
 71108 | Tomb:3   | 71108 ||| READING 5 scrolls of teleportation.
 71118 | Tomb:3   | 71118 ||| READING 4 scrolls of teleportation.
 71121 | Tomb:3   | 71121 ||| INVOKING Cleansing Flame.
 71121 | Tomb:3   | HP: 48/196 [??? (9)]
 71121 | Tomb:3   | HP: 23/196 [mummy priest/divine providence (9)]
 71122 | Tomb:3   | 71122 ||| READING 3 scrolls of teleportation.
 71122 | Tomb:3   | HP: 8/196 [mummy priest/divine providence (15)]
 71123 | Tomb:3   | 71123 ||| INVOKING Cleansing Flame.
 71124 | Tomb:3   | 71124 ||| INVOKING Cleansing Flame.
 71125 | Tomb:3   | 71125 ||| READING 2 scrolls of teleportation.
 71126 | Tomb:3   | Killed from afar by a mummy priest

Levels and vault maps discovered:
D:1:      lemuel_arrival_broad_hall, layout_basic, serial_shops,
          nicolae_shop_real_fake_doors
D:2:      layout_basic, basic_altar, minmay_misc_feat_pillars,
          hangedman_decor_push, minmay_misc_feat_roman, minmay_snake_closets
D:3:      layout_loops_corners, mainiacjoe_overflow_alcove_1,
          chequers_serial_rivers_micro_b
D:4:      layout_loops_ring, yredelemnul_altar_generic, minitemple,
          minmay_temple_entry_steel_oval, minmay_manual_mess
D:5:      layout_loops_ring, mainiacjoe_overflow_concentric_impassable,
          serial_shops, shop, nicolae_shop_rolling_square,
          nicolae_shop_just_a_little_nook, shop, nicolae_shop_window_shopping,
          serial_demonic, serial_demonic_e, serial_demonic_c, serial_demonic_a,
          serial_demonic_a, ebering_ghost_sewer_f, uniq_menkaure
D:6:      minmay_opposing_rooms, layout_rooms, nicolae_overflow_hidden_temple,
          mainiacjoe_overflow_alcove_4, serial_shops, nicolae_shop_tiny_glass,
          uniq_crazy_yiuf_cottage
D:7:      layout_gridville
D:8:      layout_basic, nicolae_transmutations_shop
D:9:      layout_irregular_city
D:10:     due_chaos_kobolds, layout_stronghold
D:11:     layout_stronghold, lair_entry_dummy, ebering_ghost_funeral_grove,
          uniq_nergalle, uniq_grum, uniq_josephine
D:12:     minmay_the_grid_square_5x5_5x5 [minmay_the_grid_square_5x5_shuriken,
          minmay_the_grid_square_5x5_tetrominoes,
          minmay_the_grid_square_5x5_corner,
          minmay_the_grid_square_5x5_checkered,
          minmay_the_grid_square_5x5_empty, minmay_the_grid_square_5x5_minimal,
          minmay_the_grid_square_5x5_prize_snowflake,
          minmay_the_grid_square_5x5_spiral,
          minmay_the_grid_square_5x5_prize_itemx,
          minmay_the_grid_square_5x5_two_small,
          minmay_the_grid_square_5x5_doubleslash,
          minmay_the_grid_square_5x5_hourglass,
          minmay_the_grid_square_5x5_prize_pseudospiral,
          minmay_the_grid_square_5x5_moneybag,
          minmay_the_grid_square_5x5_hollow_slash,
          minmay_the_grid_square_5x5_pentomino_r,
          minmay_the_grid_square_5x5_prize_rear_guard,
          minmay_the_grid_square_5x5_shrine2,
          minmay_the_grid_square_5x5_prize_junk,
          minmay_the_grid_square_5x5_detours, minmay_the_grid_square_5x5_eight,
          minmay_the_grid_square_5x5_tie,
          minmay_the_grid_square_5x5_two_walls_b,
          minmay_the_grid_square_5x5_six_small,
          minmay_the_grid_square_5x5_checkered_sparse], layout_irregular_city,
          orc_0_dummy, serial_rivers, chequers_serial_rivers_micro_d,
          chequers_serial_rivers_micro_b, chequers_serial_rivers_large_a,
          chequers_serial_rivers_micro_d, chequers_serial_rivers_room_b,
          nicolae_ru_the_path_less_chosen
D:13:     layout_roguey [special_room_orc], erik_vaults_2
D:14:     layout_rooms, grunt_ministairs_1, minmay_hedge_maze, grunt_tough_drop
D:15:     gammafunk_enter_depths_forms, layout_layer_cave,
          portal_ice_cave_entry_dragon, grunt_qazlal_clouds,
          minmay_fire_ice_demons, uniq_roxanne
Temple:   minmay_temple_curvy_branch
Lair:1:   layout_roguey, infiniplex_staircase_pool, grunt_megastairs_2
Lair:2:   layout_long_grid, hangedman_lair_unloving_vines
Lair:3:   layout_roguey, nicolae_shoals_entry_roost, spider_nest_entry_webs,
          kennysheep_basilisk_garden
Lair:4:   layout_regular_city, minmay_slime_entry_oklob_open, dpeg_oklob_1,
          lemuel_fruit_tree, grunt_megastairs_3
Lair:5:   minmay_lair_end_enchanted_forest, layout_big_grid, st_stairs_6,
          uniq_snorg
Shoals:1: layout_shoals, uniq_aizul, uniq_nikola
Shoals:2: layout_shoals, serial_shops, nicolae_shop_peninsula, uniq_ilsuiw,
          uniq_polyphemus
Shoals:3: layout_shoals
Shoals:4: shoals_end_hellmonk_storm_palace [storm_palace_center_ruins,
          storm_palace_corner_reverse_hut, storm_palace_corner_altar,
          storm_palace_corner_grid, storm_palace_corner_altar]
Spider:1: layout_cave_pods, hellmonk_narrow_tunnel,
          hangedman_spider_tarantella_strand
Spider:2: layout_spider_delve
Spider:3: layout_spider_delve, ebering_ghost_reflecting_pool,
          hellmonk_watch_for_rolling_rocks, uniq_jorgrun
Spider:4: hellmonk_spider_rune_bug_friends
Slime:1:  layout_caves
Slime:2:  layout_caves, special_room [special_room_jelly],
          nicolae_slime_getting_an_eyeful
Slime:3:  layout_caves
Slime:4:  layout_caves, cheibrodos_slime_lost_civilization_4
Slime:5
Orc:1:    layout_caves, mines3_lemuel, uniq_maurice
Orc:2:    st_orc_ogre_mass, layout_caves, uniq_nessos
Vaults:1: portal_desolation_entry_nicolae_nacl, nicolae_vaults_what_the_h,
          ontoclasm_vaults_pinch, nicolae_vaults_closet_pinwheel_1,
          nicolae_vaults_security_offices_2, nicolae_vaults_little_squares_3,
          vaults_room_hallway, grunt_vaults_bifocal,
          ontoclasm_vaults_ring_square, nicolae_vaults_border_crossing,
          nicolae_vaults_surprise_closet, hangedman_vaults_capsules,
          layout_vaults_omnibox, uniq_asterion
Vaults:2: gammafunk_ghost_mausoleum, nicolae_vaults_tetromino_Z_2, v_misc_27,
          nicolae_vaults_network_periphery, nicolae_vaults_security_offices_5,
          nicolae_vaults_tetromino_T_2, ontoclasm_vaults_twist,
          hangedman_vaults_impose, nicolae_vaults_sightless_eye,
          layout_vaults_omnigrid
Vaults:3: gammafunk_ghost_cemetery, grunt_vaults_trifunnel,
          nicolae_vaults_little_ls, nicolae_vaults_house_3,
          nicolae_vaults_apartment_1, ontoclasm_vaults_shuriken,
          minmay_crypt_entry_simple_sparse, hangedman_vaults_trim,
          nicolae_vaults_little_squares_1, nicolae_vaults_sesquioval_fish,
          vaults_dpeg_encased_lava, nicolae_vaults_six-pack,
          nicolae_vaults_storing_the_good_stuff, nicolae_vaults_tetromino_L_2,
          layout_vaults_ring, serial_shops, nicolae_shop_tiny_glass
Vaults:4: hangedman_vaults_stitches, nicolae_vaults_circle_grid_b,
          nicolae_vaults_network_barrier, nicolae_vaults_closet_pinwheel_5,
          nicolae_vaults_twisting_passages, nicolae_vaults_alarming,
          nicolae_vaults_circle_grid_b, nicolae_vaults_trapezoid_2,
          vaults_mumra_minichess_inversion, nicolae_vaults_security_offices_4,
          ontoclasm_vaults_gateway, layout_vaults_big_cross,
          nicolae_trove_entry_columns
Vaults:5
Crypt:1:  layout_rooms
Crypt:2:  cheibrodos_crypt_down_in_the_bonehoard, layout_misc_corridors,
          st_stairs_8, lemuel_upstairs_altar
Crypt:3:  david_glass_crypt, layout_chaotic_city, tomb_entry_forgotten_bobbens,
          minivault_11, minivault_5, nicolae_fountain_basement
Tomb:1
Tomb:2
Tomb:3
Depths:1: minmay_curly_fans, layout_cave_shapes, hell_entry, mu_enter_wizlab_4,
          grunt_ministairs_1, kennysheep_two_boxes
Depths:2: evilmike_lava_path, layout_cave_pools, hell_entry,
          nicolae_hepliaklqana_hippocampus, abyss_entry, pan_entry,
          nicolae_diode_stairs
Depths:3: grunt_arcs, layout_long_grid, enter_ziggurat_e,
          pf_hell_entry_tar_river, vehumet_crystals, abyss_entry,
          kennysheep_small_square, infiniplex_staircase_pillars_3b
Depths:4: lemuel_castle_with_subvaults [lemuel_castle_interior_carwin_1],
          layout_gridlike, hell_entry, rand_demon_pan_entry_3, solitary_fountain
Zot:1:    layout_basic
Zot:2:    layout_onion
Zot:3:    layout_concentric_octagons
Zot:4:    layout_twisted_circle, nicolae_zot_crop_circle

Skill      XL: |  1  2  3  4  5  6  7  8  9 10 11 12 13 14 15 16 17 18 19 20 21 22 23 24 25 26 27 |
---------------+----------------------------------------------------------------------------------+-----
Axes           | 2 3 4 5 7 8 10 11 12 13 14 16 17 18 | 18.0
Throwing       | 1 2 3 4 6 7 8 10 11 12 13 14 | 14.2
Fighting       | 4 5 7 8 9 10 11 12 14 16 17 18 19 21 22 24 25 26 | 26.0
Dodging        | 1 2 4 5 6 8 10 11 12 | 12.1
Invocations    | 3 4 5 9 10 17 19 | 19.2
Armour         | 4 5 7 9 10 11 13 14 15 16 17 18 19 20 21 22 24 | 24.0
Shields        | 4 5 6 7 8 9 10 14 16 17 18 19 22 | 22.7

Action                     |  1- 3 |  4- 6 |  7- 9 | 10-12 | 13-15 | 16-18 | 19-21 | 22-24 | 25-27 || total
---------------------------+-------+-------+-------+-------+-------+-------+-------+-------+-------++-------
  Melee: War axe           |    74 |   131 |   161 |   400 |   827 |  1065 |   157 |       |       ||  2815
         Hand axe          |       |       |       |       |    46 |       |       |       |       ||    46
         Broad axe         |       |       |       |       |       |       |   798 |   832 |  1224 ||  2854
  Throw: Javelin           |    20 |    11 |    36 |    45 |   178 |   224 |   211 |   141 |   224 ||  1090
         Boomerang         |       |    16 |    28 |    70 |    13 |       |       |       |       ||   127
 Invoke: Heroism           |       |       |     9 |    19 |    27 |    37 |    20 |    35 |    10 ||   157
         Finesse           |       |       |       |       |     8 |     8 |    10 |     6 |     1 ||    33
         Cleansing Flame   |       |       |       |       |       |       |       |       |    87 ||    87
         Summon Divine War |       |       |       |       |       |       |       |       |    20 ||    20
         Brand Weapon With |       |       |       |       |       |       |       |       |     1 ||     1
    Use: Scroll            |     4 |     7 |     7 |     3 |     8 |     5 |     4 |    16 |    20 ||    74
         Potion            |       |     2 |     6 |     2 |     2 |     2 |       |     8 |    27 ||    49
   Stab: Distracted        |       |       |       |     7 |     9 |    18 |    20 |    16 |    14 ||    84
 Armour: Scale mail        |    34 |    65 |       |       |       |       |       |       |       ||    99
         Chain mail        |       |     9 |    88 |     7 |       |       |       |       |       ||   104
         Plate armour      |       |       |       |   117 |   367 |   419 |   190 |   271 |   816 ||  2180
  Dodge: Dodged            |    18 |    51 |    45 |    93 |   338 |   308 |   154 |   170 |   432 ||  1609
  Block: Buckler           |    24 |    34 |    34 |    61 |   207 |    86 |       |       |       ||   446
         Kite shield       |       |       |       |       |       |   427 |   466 |   503 |    65 ||  1461
         Reflection        |       |       |       |       |       |    29 |    58 |    20 |       ||   107
         Tower shield      |       |       |       |       |       |       |       |       |  1067 ||  1067

Table legend:
 A = Non-vault XP
 B = Vault XP
 C = Vault XP percentage of total XP
 D = Non-vault monster count
 E = Vault monster count
 F = Vault count percentage of total count
                 A         B        C        D         E       F
            +---------+---------+-------+---------+---------+-------
      Total |  698941 |  763802 |  52.2 |    1416 |     960 |  40.4
            +---------+---------+-------+---------+---------+-------
        D:1 |      15 |       0 |   0.0 |      10 |       0 |   0.0
        D:2 |      53 |      97 |  64.7 |      19 |      11 |  36.7
        D:3 |     440 |       0 |   0.0 |      28 |       0 |   0.0
        D:4 |     256 |     311 |  54.9 |      14 |       4 |  22.2
        D:5 |     349 |     218 |  38.4 |      15 |       6 |  28.6
        D:6 |     718 |     783 |  52.2 |      14 |      10 |  41.7
        D:7 |     995 |       0 |   0.0 |      18 |       0 |   0.0
        D:8 |    2265 |       0 |   0.0 |      28 |       0 |   0.0
        D:9 |    2058 |       0 |   0.0 |      31 |       0 |   0.0
       D:10 |    4108 |       0 |   0.0 |      20 |       0 |   0.0
       D:11 |    3787 |    3282 |  46.4 |      34 |      11 |  24.4
       D:12 |    5036 |   21240 |  80.8 |      16 |      45 |  73.8
       D:13 |    1731 |    8559 |  83.2 |       5 |      35 |  87.5
       D:14 |   10695 |    3767 |  26.0 |      33 |       7 |  17.5
       D:15 |   10819 |    9016 |  45.5 |      32 |      20 |  38.5
     Lair:1 |    3466 |    2189 |  38.7 |      13 |      10 |  43.5
     Lair:2 |    6959 |       0 |   0.0 |      35 |       0 |   0.0
     Lair:3 |    1549 |    2588 |  62.6 |       8 |       9 |  52.9
     Lair:4 |   10648 |    2285 |  17.7 |      33 |       7 |  17.5
     Lair:5 |   12486 |    9081 |  42.1 |      39 |      50 |  56.2
   Shoals:1 |    6513 |    3616 |  35.7 |      13 |       2 |  13.3
   Shoals:2 |   13619 |    7509 |  35.5 |      26 |       8 |  23.5
   Shoals:3 |   14820 |       0 |   0.0 |      33 |       0 |   0.0
   Shoals:4 |    4096 |   22784 |  84.8 |      11 |      50 |  82.0
   Spider:1 |   17230 |    1576 |   8.4 |      42 |       4 |   8.7
   Spider:2 |   22302 |       0 |   0.0 |      58 |       0 |   0.0
   Spider:3 |   16851 |    4505 |  21.1 |      42 |       4 |   8.7
   Spider:4 |   10684 |   21227 |  66.5 |      27 |      32 |  54.2
    Slime:1 |    9903 |       0 |   0.0 |      16 |       0 |   0.0
    Slime:2 |    3752 |     363 |   8.8 |       3 |       2 |  40.0
    Slime:3 |    6545 |       0 |   0.0 |      11 |       0 |   0.0
    Slime:4 |    1618 |       0 |   0.0 |       3 |       0 |   0.0
    Slime:5 |    4444 |   23617 |  84.2 |      11 |      18 |  62.1
      Orc:1 |    1264 |    1060 |  45.6 |      19 |       2 |   9.5
      Orc:2 |    6782 |   16965 |  71.4 |      25 |      39 |  60.9
   Vaults:1 |   26450 |   27218 |  50.7 |      41 |      34 |  45.3
   Vaults:2 |   34472 |   10011 |  22.5 |      50 |      13 |  20.6
   Vaults:3 |   18520 |   22314 |  54.6 |      25 |      28 |  52.8
   Vaults:4 |   15775 |   32191 |  67.1 |      24 |      40 |  62.5
   Vaults:5 |   18648 |  116755 |  86.2 |      25 |      96 |  79.3
    Crypt:1 |   19310 |       0 |   0.0 |      38 |       0 |   0.0
    Crypt:2 |   28450 |   21231 |  42.7 |      40 |      31 |  43.7
    Crypt:3 |   27889 |   10588 |  27.5 |      37 |      10 |  21.3
     Tomb:1 |   10366 |   97922 |  90.4 |      38 |      62 |  62.0
     Tomb:2 |   13895 |   42500 |  75.4 |      32 |      53 |  62.4
     Tomb:3 |   12980 |   59190 |  82.0 |      27 |      75 |  73.5
   Depths:1 |   26673 |   14393 |  35.0 |      32 |      16 |  33.3
   Depths:2 |   27540 |   19093 |  40.9 |      35 |      17 |  32.7
   Depths:3 |   20048 |   52253 |  72.3 |      28 |      37 |  56.9
   Depths:4 |   37162 |   68454 |  64.8 |      42 |      60 |  58.8
      Zot:1 |   23155 |       0 |   0.0 |      20 |       0 |   0.0
      Zot:2 |   46627 |       0 |   0.0 |      41 |       0 |   0.0
      Zot:3 |   36243 |    1521 |   4.0 |      27 |       1 |   3.6
      Zot:4 |   35882 |    1530 |   4.1 |      29 |       1 |   3.3
            +---------+---------+-------+---------+---------+-------
